 Dungeon Crawl Stone Soup version 0.29.1-15-g9cfb28693d (webtiles) character file.

Game seed: 14363956833159533501

16897417 TittyCrusher the Naga Porcupine (level 27, 268/268 HPs)
             Began as a Naga Fighter on Mar 7, 2023.
             Was the Champion of Cheibriados.
             Escaped with the Orb
             ... and 15 runes on Mar 13, 2023!
             The game lasted 08:14:02 (91914 turns).

TittyCrusher the Naga Porcupine (Naga Fighter)     Turns: 91914, Time: 08:14:03

Health: 268/268    AC: 29    Str: 35    XL:     27
Magic:  43/43      EV: 44    Int: 33    God:    Cheibriados [******]
Gold:   3256       SH:  0    Dex: 44    Spells: 15/58 levels left

rFire   + + .      SeeInvis +   a - +6 bardiche (holy)
rCold   + . .      Faith    .   (shield currently unavailable)
rNeg    + + .      Spirit   .   T - +1 robe of Giukait {rC+ Regen+}
rPois   +          Reflect  .   Z - +1 hat "Futz" {rC+ Regen+ Str-2 Int+3 SInv}
rElec   +          Harm     .   K - +1 cloak of Starlight {*Dazzle EV+4 Stlth--}
rCorr   .          Rampage  .   B - +3 pair of gauntlets of War {Slay+5}
Will    +++..                   h - +4 barding
Stlth   +++.......              J - amulet "Viygh" {Will+ Regen+ Dex+4 Slay+3}
HPRegen 2.94/turn               O - ring of Vitemuj {rN+ Slay+6}
MPRegen 0.28/turn               G - ring of Coicaj {Fire rElec rN+ Will- Dex+8 Stlth-}

@: studying 3 skills, very slow
A: AC +9, large, see invisible, deformed body, poison resistance, slowness 2,
spit poison 1, naga tail 2, agile 1, fire resistance 1, frail 1, passive freeze,
subdued magic 2
0: Orb of Zot
}: 15/15 runes: barnacled, slimy, silver, golden, iron, obsidian, icy, bone,
abyssal, demonic, glowing, magical, fiery, dark, gossamer
a: Spit Poison, Renounce Religion, Bend Time, Temporal Distortion, Slouch, Step
From Time


You escaped.
You worshipped Cheibriados.
Cheibriados was exalted by your worship.
You visited 18 branches of the dungeon, and saw 86 of its levels.
You visited Pandemonium 1 time, and saw 18 of its levels.
You visited the Abyss 5 times.
You visited 1 ziggurat, and saw 10 of its levels.
You also visited: Sewer.

You collected 11461 gold pieces.
You spent 8205 gold pieces at shops.

Inventory:

Hand Weapons
 a - a +6 bardiche of holy wrath (weapon)
 b - the +10 broad axe "Dochan" {vamp, *Rage Int+8}
   (You took it off a balrug in Pandemonium)

   It occasionally heals its wielder for a portion of the damage dealt when it
   wounds a living foe.
   Int:       It affects your intelligence (+8).
   *Rage:     It berserks you when you make melee attacks (+20% chance).
 d - the +5 bardiche "Jiyp" {freeze, rElec}
   (You found it on level 5 of the Pits of Slime)

   It freezes those it strikes, dealing additional cold damage.
   It can also slow down cold-blooded creatures.
   rElec:     It insulates you from electricity.
 e - the +4 staff of Dispater
   (You took it off Dispater on level 7 of the Iron City of Dis)

   It can be evoked to hurl damnation at the cost of health and magic, with
   strength depending on Evocations skill.
 g - a +2 bardiche of flaming
 n - the +8 demon trident "Rift" {distort, reach+}
   (You found it on level 3 of the Vaults)

   It warps and distorts space around it, and may blink, banish, or inflict
   extra damage upon those it strikes.
   Unwielding it can cause banishment or high damage.
   It can reach especially far, and its reaching attacks ignore other creatures
   in the way.
 r - the +5 bardiche "Worm" {vamp, Int+4 SInv Stlth+}
   (You found it in Pandemonium)

   It occasionally heals its wielder for a portion of the damage dealt when it
   wounds a living foe.
   Int:       It affects your intelligence (+4).
   SInv:      It lets you see invisible.
   Stlth:     It makes you more stealthy.
 u - the +7 sceptre of Asmodeus
   (You took it off Asmodeus on level 7 of Gehenna)

   It can be evoked to summon fiery demons, with success rate depending on
   Evocations skill.
   Those summoned this way will remain friendly only for a limited time.
 W - a +9 spectral glaive
Missiles
 l - 348 stones (quivered)
Armour
 h - a +4 barding (worn)
 B - the +3 pair of gauntlets of War (worn) {Slay+5}
   (You found it on level 7 of Cocytus)

   Slay:      It affects your accuracy & damage with ranged weapons and melee
   (+5).
 K - the +1 cloak of Starlight (worn) {*Dazzle EV+4 Stlth--}
   (You found it on level 11 of the Dungeon)

   It may blind those who miss an attack against the wearer in melee combat.
   EV:        It affects your evasion (+4).
   Stlth:     It makes you much less stealthy.
 T - the +1 robe of Giukait (worn) {rC+ Regen+}
   (You bought it in a shop on level 4 of the Depths)

   rC:        It protects you from cold.
   Regen:     It increases your rate of health regeneration.
 Z - the +1 hat "Futz" (worn) {rC+ Regen+ Str-2 Int+3 SInv}
   (You found it on level 2 of the Vaults)

   Str:       It affects your strength (-2).
   Int:       It affects your intelligence (+3).
   rC:        It protects you from cold.
   SInv:      It lets you see invisible.
   Regen:     It increases your rate of health regeneration.
Jewellery
 m - a ring of resist corrosion
 o - the ring "Neaphip" {rC+ Str+4}
   (You took it off a deep elf high priest on level 3 of the Elven Halls)

   [ring of protection from cold]

   Str:       It affects your strength (+4).
   rC:        It protects you from cold.
 w - the dreamshard necklace {*Dream Drain}
   (You found it on level 5 of the Pits of Slime)

   [amulet of nothing]

   It shatters if its wearer takes lethal or near-lethal damage, preventing the
   blow and releasing protective dreams that heal and fight for the wearer.
   Drain:     It drains your maximum health when unequipped.
 E - a ring of protection from fire
 G - the ring of Coicaj (right hand) {Fire rElec rN+ Will- Dex+8 Stlth-}
   (You found it on level 5 of the Vaults)

   [ring of fire]

   It enhances your fire magic.
   Dex:       It affects your dexterity (+8).
   rF:        It protects you from fire.
   rC:        It makes you vulnerable to cold.
   rElec:     It insulates you from electricity.
   rN:        It protects you from negative energy.
   Will:      It decreases your willpower.
   Stlth:     It makes you less stealthy.
 J - the amulet "Viygh" (around neck) {Will+ Regen+ Dex+4 Slay+3}
   (You bought it in a shop on level 1 of the Elven Halls)

   [amulet of regeneration]

   Dex:       It affects your dexterity (+4).
   Slay:      It affects your accuracy & damage with ranged weapons and melee
   (+3).
   Regen:     It increases your rate of health regeneration.
   Will:      It increases your willpower.
 L - a +6 ring of dexterity
 N - the ring of Xeolekh {Fly rF+ Will+ MP+9}
   (You found it on level 8 of a ziggurat)

   [ring of magical power]

   rF:        It protects you from fire.
   MP:        It affects your magic capacity (+9).
   Fly:       It grants you flight.
   Will:      It increases your willpower.
 O - the ring of Vitemuj (left hand) {rN+ Slay+6}
   (You found it on level 3 of the Crypt)

   [ring of positive energy]

   Slay:      It affects your accuracy & damage with ranged weapons and melee
   (+6).
   rN:        It protects you from negative energy.
 R - the ring "Wuuprodgh" {rPois Will++}
   (You found it in Pandemonium)

   [ring of poison resistance]

   rPois:     It protects you from poison.
   Will:      It greatly increases your willpower.
 Y - a ring of protection from fire
Wands
 i - a wand of iceblast (6)
 x - a wand of digging (7)
 C - a wand of light (28)
Scrolls
 c - 7 scrolls of immolation
 F - 5 scrolls of magic mapping
 M - 2 scrolls of summoning
 P - 20 scrolls of teleportation
 U - 2 scrolls of blinking
 V - 9 scrolls of butterflies
Potions
 f - 14 potions of ambrosia
 j - 6 potions of mutation
 k - 10 potions of brilliance
 p - 7 potions of attraction
 q - 7 potions of flight
 s - 36 potions of heal wounds
 t - 4 potions of invisibility
 v - 8 potions of haste
 y - 2 potions of might
 z - 7 potions of cancellation
 D - 9 potions of magic
 H - 17 potions of lignification
 Q - 39 potions of curing
 S - 4 potions of resistance
Miscellaneous
 A - a figurine of a ziggurat
 I - a tin of tremorstones (2/2)
 X - a condenser vane


   Skills:
 O Level 27 Fighting
 O Level 27 Polearms
 + Level 12.5(21.3) Staves
 - Level 10.7 Armour
 - Level 20.7 Dodging
 O Level 27 Stealth
 - Level 2.6 Shields
 - Level 16.2 Spellcasting
 - Level 17.7 Necromancy
 - Level 13.5 Translocations
 - Level 19.2 Transmutations
 - Level 23.7 Earth Magic
 - Level 18.8 Invocations
 - Level 14.1 Evocations


You had 15 spell levels left.
You knew the following spells:

 Your Spells              Type           Power      Damage    Failure   Level
a - Blink                 Tloc           100%       N/A       0%          2
b - Lesser Beckoning      Tloc           64%        N/A       0%          3
c - Statue Form           Tmut/Erth      54%        N/A       0%          6
d - Sublimation of Blood  Necr           74%        N/A       0%          2
e - Mephitic Cloud        Conj/Pois/Air  16%        N/A       2%          3
f - Shatter               Erth           43%        3d33*     5%          9
g - Wereblood             Tmut           77%        N/A       0%          2
h - Passwall              Tmut/Erth      67%        N/A       0%          2
i - Apportation           Tloc           100%       N/A       0%          1
j - Necromutation         Tmut/Necr      37%        N/A       2%          8
k - Manifold Assault      Tloc           64%        N/A       1%          5

Your spell library contained the following spells:

 Spells                   Type           Power      Damage    Failure   Level
 Beastly Appendage        Tmut           100%       N/A       0%          1
 Necrotise                Necr           100%       1d9       0%          1
 Sandblast                Erth           100%       2d20      0%          1
 Sting                    Tmut/Pois      100%       1d8       0%          1
 Gell's Gravitas          Tloc           64%        N/A       0%          3
 Stone Arrow              Conj/Erth      100%       3d13      0%          3
 Teleport Other           Tloc           64%        N/A       0%          3
 Vampiric Draining        Necr           74%        2d11      0%          3
 Animate Dead             Necr           74%        N/A       0%          4
 Dispel Undead            Necr           74%        3d25      0%          4
 Petrify                  Tmut/Erth      81%        N/A       0%          4
 Agony                    Necr           74%        N/A       0%          5
 Blade Hands              Tmut           38%        N/A       0%          5
 Lee's Rapid Deconstruct  Erth           43%        3d22*     0%          5
 Foxfire                  Conj/Fire      100%       2x1d9     1%          1
 Freeze                   Ice            64%        1d8       1%          1
 Magic Dart               Conj           64%        1d6       1%          1
 Summon Small Mammal      Summ           64%        N/A       1%          1
 Call Imp                 Summ           16%        N/A       1%          2
 Ensorcelled Hibernation  Hex/Ice        32%        N/A       1%          2
 Poisonous Vapours        Pois/Air       32%        N/A       1%          2
 Static Discharge         Conj/Air       16%        3-5/arc   1%          2
 Ignite Poison            Fire/Tmut/Pois 60%        N/A       1%          3
 Portal Projectile        Hex/Tloc       88%        N/A       1%          3
 Spider Form              Tmut/Pois      54%        N/A       1%          3
 Anguish                  Hex/Necr       26%        N/A       1%          4
 Corpse Rot               Necr/Pois/Air  41%        N/A       1%          4
 Ice Form                 Ice/Tmut       54%        N/A       1%          4
 Iskenderun's Mystic Bla  Conj/Tloc      44%        2d10      1%          4
 Leda's Liquefaction      Hex/Erth       30%        N/A       1%          4
 Alistair's Intoxication  Tmut/Pois      36%        N/A       1%          5
 Irradiate                Conj/Tmut      27%        3d20      1%          5
 Summon Forest            Summ/Tloc      22%        N/A       1%          5
 Yara's Violent Unravell  Hex/Tmut       27%        3d12      1%          5
 Dispersal                Tloc           32%        N/A       1%          6
 Dragon Form              Tmut           38%        N/A       1%          7
 Call Canine Familiar     Summ           16%        N/A       2%          3
 Conjure Flame            Conj/Fire      25%        6-21      2%          3
 Dazzling Flash           Conj/Hex       32%        N/A       2%          3
 Frozen Ramparts          Ice            32%        1d5       2%          3
 Inner Flame              Hex/Fire       25%        N/A       2%          3
 Summon Guardian Golem    Hex/Summ       16%        N/A       2%          3
 Swiftness                Air            16%        N/A       2%          3
 Tukima's Dance           Hex            16%        N/A       2%          3
 Eringya's Noxious Bog    Tmut/Pois      27%        N/A       2%          6
 Simulacrum               Ice/Necr       26%        N/A       3%          6
 Infestation              Necr           37%        N/A       4%          8
 Flame Wave               Conj/Fire      25%        2d8       11%         4
 Fulminant Prism          Conj/Hex       8%         3d7       11%         4
 Hailstorm                Conj/Ice       16%        3d6       11%         4
 Olgreb's Toxic Radiance  Pois           16%        N/A       11%         4
 Sticky Flame             Conj/Fire      25%        2d5       11%         4
 Summon Ice Beast         Ice/Summ       16%        N/A       11%         4
 Storm Form               Tmut/Air       27%        N/A       17%         7
 Haunt                    Necr/Summ      26%        N/A       24%         7
 Disjunction              Tloc           32%        N/A       28%         8
 Fireball                 Conj/Fire      12%        3d7       30%         5
 Freezing Cloud           Conj/Ice/Air   8%         6-21      30%         5
 Iskenderun's Battlesphe  Conj           16%        2d7       30%         5
 Metabolic Englaciation   Hex/Ice        8%         N/A       30%         5
 Summon Mana Viper        Hex/Summ       16%        N/A       30%         5
 Lehudib's Crystal Spear  Conj/Erth      30%        10d8      50%         8
 Conjure Ball Lightning   Conj/Air       8%         3x3d6     89%         6
 Starburst                Conj/Fire      12%        6d5       89%         6
 Summon Cactus Giant      Summ           8%         N/A       89%         6
 Monstrous Menagerie      Summ           8%         N/A       100%        7
 Orb of Destruction       Conj           8%         9d6       100%        7
 Ozocubu's Refrigeration  Ice            8%         4d9       100%        7
 Spellforged Servitor     Conj/Summ      8%         N/A       100%        7
 Summon Hydra             Summ           8%         N/A       100%        7
 Ignition                 Fire           12%        3d6       100%        8
 Chain Lightning          Conj/Air       8%         3d10      100%        9
 Dragon's Call            Summ           8%         N/A       100%        9
 Fire Storm               Conj/Fire      12%        8d3       100%        9


Dungeon Overview and Level Annotations

Branches:
Dungeon (15/15)            Temple (1/1) D:5            Lair (5/5) D:8
 Shoals (4/4) Lair:3       Spider (4/4) Lair:3        Slime (5/5) Lair:5
    Orc (2/2) D:10            Elf (3/3) Orc:2        Vaults (5/5) D:13
  Crypt (3/3) Vaults:2       Tomb (3/3) Crypt:3      Depths (4/4) D:15
   Hell (visited)             Dis (7/7) Hell            Geh (7/7) Hell
    Coc (7/7) Hell            Tar (7/7) Hell            Zot (5/5) Depths:4
  Sewer (visited)

Altars:
Ashenzari
Cheibriados
Dithmenos
Elyvilon
Fedhas
Gozag
Hepliaklqana
Kikubaaqudgha
Okawaru
Qazlal
Ru
Sif Muna
Trog
Uskayaw
Vehumet
Wu Jian
Xom
Yredelemnul
Zin
The Shining One
Jiyva

Shops:
D:6 [   D:9 *   D:13 (   D:15 ?   Orc:2 !!*=   Elf:1 !::=   Shoals:3 :
Vaults:2 :   Vaults:3 ?   Vaults:4 :?   Vaults:5 ?   Depths:1 =!*   Depths:4 :[

Portals:
Hell: Depths:1 Depths:2 Depths:3 Depths:4
Abyss: Depths:2
Pandemonium: Depths:2
Trove: D:10 (give +6 ice dragon scales)

Annotations:
D:4 1 runed translucent door, exclusion: downstairs, Crazy Yiuf
D:7 exclusion: downstairs
Shoals:4 Polyphemus
Zot:3 2 transporters, exclusion: orange crystal statue


Innate Abilities, Weirdness & Mutations

Your serpentine skin is tough. (AC +9)
You have supernaturally acute eyesight. (SInv)
Armour fits poorly on your strangely shaped body.
Your system is resistant to poisons. (rPois)
You cover ground very slowly.
You can spit poison.
You can use your snake-like lower body to constrict enemies.
You are agile. (Dex +4, Str/Int -1)
Your flesh is heat resistant. (rF+)
You are frail. (-10% HP)
A frigid envelope surrounds you and freezes all who hurt you.
Your spells are easier to cast, but less powerful.


Message History

You kill the Hell Sentinel!
Cheibriados thoroughly appreciates the change of pace.
There is a stone staircase leading up here.
Your transformation is almost over.
You climb upwards.
Level annotation: 1 runed translucent door, exclusion: downstairs, Crazy Yiuf
There is a stone staircase leading down here.
HP restored.
You revert to your normal fleshy form.
The +3 pair of gauntlets of War {Slay+5} unmelds from your body.
Your +4 barding unmelds from your body.
The +1 robe of Giukait {rC+ Regen+} unmelds from your body.
Magic restored.
There is a stone staircase leading up here.
Unknown command.
Unknown command.
You climb upwards.
There is a stone staircase leading down here.
An Orb Guardian comes into view.
The Orb Guardian hits you!
The Orb Guardian is very cold.
The Orb Guardian is lightly wounded.
The Orb Guardian barely misses you.
You open the Orb Guardian like a pillowcase!!!
The Orb Guardian is severely wounded.
The Orb Guardian closely misses you.
You completely miss the Orb Guardian.
The Orb Guardian is severely wounded.
The Orb Guardian hits you but does no damage.
You carve the Orb Guardian like a ham!!!
You kill the Orb Guardian!
Cheibriados thoroughly appreciates the change of pace.
There is a stone staircase leading up here.
You climb upwards.
There is a stone staircase leading down here.
There is a stone staircase leading up here.
You climb upwards.
There is a stone staircase leading down here.
There is an open door here.
There is a staircase leading out of the dungeon here.
You have escaped!

##.## #.# #.............
#.# #.#######.#.....##..##
#.# #.........#....###..#
###.##
###########)..####..#
.....# #.........# ####.#
##### ###.####### ##.##
###...#### #.#
#...###........# #.#
#.#.##...###..@# #.#
###.......## ###.# #.#
..##......# ##.# #.# ##
#####....## #..#######.# #.
..###....# ##.##.....#.# #.
####.....#####..######.#.##
#. #....#....##...##
#....######.
..##..........##
#...........
...#.^......###
##..†#####..


There were no monsters in sight!

Vanquished Creatures
  Cerebov (Pan)
  Asmodeus (Geh:7)
  Ereshkigal (Tar:7)
  the Royal Jelly (Slime:5)
  Antaeus (Coc:7)
  Gloorx Vloq (Pan)
  the Serpent of Hell (Dis:7)
  A seraph (Zot:1)
  Lom Lobon (Pan)
  8 dread liches
  Dispater (Dis:7)
  9 pandemonium lords
  6 ancient liches
  3 orbs of fire
  Mennas (Pan)
  6 juggernauts
  32 royal mummies
  Sojobo (Depths:2)
  4 Killer Klowns
  Bai Suzhen (Crypt:3)
  Frederick (Vaults:3)
  6 shard shrikes
  Saint Roka (Orc:2)
  2 curse toes
  2 caustic shrikes (Dis:7)
  Geryon (Hell)
  21 golden dragons
  17 profane servitors
  14 bone dragons
  2 electric golems (Zot:5)
  A pearl dragon (Zig:6)
  6 hellephants
  9 doom hounds
  14 tentacled monstrosities
  17 Tzitzimimeh
  2 iron giants
  A spectral shard shrike (Tar:4)
  14 Brimstone Fiends
  Rupert (D:13)
  19 Ice Fiends
  21 liches
  19 tainted leviathans
  A shard shrike skeleton (Hell)
  19 searing wretches
  17 Hell Sentinels
  28 Orb Guardians
  3 deep elf blademasters
  11 titans
  A walking crystal tome (Depths:3)
  A walking earthen tome (Depths:4)
  A walking divine tome (Depths:3)
  The ghost of Kare Xaoge the Bludgeoner, an adept DgTm (Vaults:2)
  8 quicksilver dragons
  24 Executioners
  2 deep elf master archers (Elf:3)
  12 sphinxes
  7 tentacled starspawn
  9 death cobs
  26 ancient champions
  16 acid blobs
  Kirke (Shoals:1)
  9 tengu reavers
  9 shadow dragons
  Gastronok (D:10)
  24 storm dragons
  A daeva (Zot:1)
  The ghost of mrgoodbar64 the Ogre Mage, a journeyman OgVM of Vehumet (Spider:3)
  Agnes (Elf:1)
  Donald (Elf:1)
  7 demonspawn warmongers (Pan)
  9 revenants
  5 draconian knights
  22 narguns
  12 rockslimes
  16 azure jellies
  7 draconian monks
  11 fire giants
  13 iron dragons
  4 quicksilver elementals (Dis:7)
  3 deep elf sorcerers (Elf:3)
  5 emperor scorpions
  7 shard shrike simulacra
  33 balrugs
  19 vault wardens
  7 draconian scorchers
  Aizul (Elf:2)
  A spectral caustic shrike (Tar:4)
  Louise (Shoals:4)
  14 ghost moths
  2 caustic shrike zombies
  9 frost giants
  7 deep elf elementalists
  3 orc warlords
  27 cacodemons
  4 curse skulls
  2 juggernaut zombies
  4 draconian shifters
  19 reapers
  An angel (Abyss:6)
  4 draconian stormcallers
  8 ghouls
  19 ironbound preservers
  16 war gargoyles
  4 demonspawn blood saints (Pan)
  3 spriggan defenders
  20 stone giants
  A caustic shrike skeleton (Pan)
  7 demonspawn corrupters
  16 draconian annihilators
  14 quicksilver oozes
  20 very ugly things
  An ophan (Abyss:6)
  11 ironbound thunderhulks
  8 green draconians
  3 broodmothers
  19 elemental wellsprings
  8 vampire knights
  8 entropy weavers
  12 black draconians
  8 demonspawn black suns (Pan)
  18 lorocyprocas
  14 bennus
  11 purple draconians
  5 red draconians
  5 dire elephants
  28 putrid mouths
  10 white draconians
  8 deep elf demonologists
  8 deep elf annihilators
  6 yellow draconians
  3 minotaurs (Shoals:4)
  2 spectral titans (Tar:1)
  15 blizzard demons
  15 wendigos
  8 eidola
  7 spark wasps
  19 ettins
  2 pearl dragon zombies (Crypt:2)
  2 crystal guardians (Vaults:1)
  Josephine (D:10)
  13 iron golems
  A merfolk javelineer (Shoals:4)
  2 spectral quicksilver dragons
  20 mummy priests
  13 fire dragons
  20 green deaths
  7 jiangshi
  A quicksilver dragon zombie (Abyss:2)
  3 merfolk impalers
  10 rakshasas
  5 deep elf high priests
  A spectral spriggan (Tar:5)
  2 spectral krakens (Tar:7)
  16 yaktaur captains
  10 deep elf death magi
  11 ice dragons
  5 great orbs of eyes
  39 vault guards
  5 hydras
  4 ogre magi
  A peacekeeper (Vaults:1)
  Erolcha (D:11)
  5 hell beasts
  7 boulder beetles
  A spriggan air mage (Depths:1)
  An alligator snapping turtle (Shoals:3)
  5 merfolk avatars
  4 stokers
  A ghost crab (Zig:2)
  13 salamander tyrants
  2 catoblepae
  2 radroaches
  4 juggernaut simulacra
  Erica (Lair:2)
  7 centaur warriors
  2 spriggan skeletons (Crypt:2)
  7 caustic shrike simulacra
  4 death knights
  A jorogumo (Spider:4)
  7 two-headed ogres
  An ironbound frostheart (Vaults:3)
  3 deep troll shamans
  29 dancing weapons
  10 satyrs
  83 death scarabs
  3 deep troll earth magi
  A quicksilver ooze zombie (Crypt:3)
  An Orb Guardian skeleton (Crypt:2)
  41 hell hogs
  An anaconda (Abyss:6)
  12 tengu warriors
  5 vampire magi
  3 spectral nagas
  A bennu skeleton (Crypt:3)
  A death yak (shapeshifter) (Vaults:5)
  12 death yaks
  An orc high priest (Elf:2)
  A spectral emperor scorpion (Spider:3)
  2 spectral dire elephants
  2 spriggans (Depths:1)
  A titan zombie (Vaults:3)
  28 thrashing horrors
  5 spriggan berserkers
  33 hell knights
  31 soul eaters
  A storm dragon zombie (Crypt:2)
  4 crystal echidnas (Dis:7)
  21 deep elf knights
  59 sun demons
  24 sixfirhies
  20 shadow wraiths
  6 pharaoh ants
  A bunyip zombie (Hell)
  11 wretched stars
  52 deep trolls
  7 shadow demons
  5 iron trolls (Depths:1)
  2 anaconda zombies (Hell)
  41 skeletal warriors
  A sun moth (Spider:1)
  A spark wasp zombie (Hell)
  2 spectral anacondas (Tar:1)
  A spectral entropy weaver (Spider:3)
  7 sea snakes
  2 storm dragon skeletons
  6 quicksilver dragon simulacra
  7 flayed ghosts
  6 steelbarb worms
  A swamp dragon (Zig:2)
  An orb spider (shapeshifter) (Elf:2)
  A death drake (Zig:5)
  A death drake (shapeshifter) (Vaults:5)
  2 bog bodies (Crypt:1)
  2 kraken simulacra
  A golden dragon zombie (Hell)
  9 orb spiders
  A bunyip skeleton (Hell)
  18 glowing orange brains
  2 anaconda skeletons
  6 wizards
  6 lindwurms
  A sphinx zombie (Hell)
  2 fenstrider witch simulacra
  A spectral iron dragon (Crypt:3)
  8 deep elf archers
  22 harpies
  A spriggan simulacrum (Coc:7)
  A harpy (shapeshifter) (D:13)
  17 ironbound convokers
  13 orc knights
  32 phantasmal warriors
  4 spectral wolf spiders (Spider:3)
  31 deep elf pyromancers
  19 deep elf zephyrmancers
  19 ugly things
  25 wolf spiders
  20 necromancers
  4 shining eyes
  2 tengu zombies
  A tengu skeleton (Zig:7)
  2 mana vipers
  A spectral ice dragon (Tar:1)
  2 fire giant zombies (Hell)
  3 frost giant zombies
  A mana viper (shapeshifter) (Depths:3)
  4 orc sorcerers
  5 fauns (Shoals:4)
  13 cyclopes
  18 manticores
  2 stone giant zombies
  8 merfolk sirens
  A worldbinder (Abyss:6)
  9 elephants
  A toenail golem (D:6)
  An iron dragon skeleton (Crypt:3)
  27 moths of wrath
  A shock serpent zombie (Crypt:2)
  2 will-o-the-wisps
  4 centaur zombies
  7 rust devils
  2 stone giant skeletons
  4 apis skeletons (Crypt:2)
  Maurice (D:8)
  26 orange demons
  5 black mambas
  2 naga zombies
  An elephant (shapeshifter) (D:14)
  8 torpor snails
  20 vault sentinels
  An ice statue (Hell)
  3 eyes of devastation
  An orc zombie (Crypt:2)
  4 water nymphs
  4 titan simulacra
  An apocalypse crab (Abyss:4)
  6 molten gargoyles (Geh:7)
  14 cane toads
  A dire elephant skeleton (Pan)
  46 smoke demons
  40 hellions
  6 rime drakes
  A centaur skeleton (Hell)
  2 gargoyles
  4 unseen horrors
  8 spectral swamp worms (Tar:7)
  2 emperor scorpion simulacra
  2 kobold demonologists
  42 yaktaurs
  3 bunyip simulacra (Coc:1)
  10 komodo dragons
  8 anaconda simulacra
  3 iron giant simulacra
  14 freezing wraiths
  8 demonic crawlers
  3 ice devils
  A ghost moth simulacrum (Spider:3)
  21 tormentors
  6 efreet (Pan)
  3 harpy zombies
  A death yak skeleton (Crypt:1)
  33 hellwings
  2 trolls (shapeshifter)
  A green draconian skeleton (Crypt:2)
  A tengu conjurer (D:14)
  A hydra zombie (Hell)
  38 guardian mummies
  A golden dragon simulacrum (Coc:7)
  6 ancient zymes
  A pale draconian skeleton (Crypt:2)
  3 spectral harpies
  13 merfolk
  4 red devils (Pan)
  5 wind drakes
  A wolf spider simulacrum (D:14)
  A silent spectre (Tar:5)
  6 polar bears
  The ghost of Jingleheimer the Spear-Bearer, an amateur MiGl of Okawaru (D:6)
  Grinder (D:5)
  7 trolls
  3 meliai (Spider:1)
  3 hornets
  2 ettin zombies
  A meliai zombie (Crypt:2)
  16 blink frogs
  4 snapping turtles
  2 harpy skeletons (Pan)
  33 tarantellas
  4 hydra skeletons
  2 tyrant leeches
  A snapping turtle (shapeshifter) (Vaults:5)
  A stone giant simulacrum (Coc:2)
  59 slime creatures
  A human simulacrum (Vaults:3)
  4 spriggan zombies (Hell)
  19 raiju
  12 dream sheep
  A spectral black mamba (Tar:1)
  An ice dragon zombie (Crypt:1)
  41 starcursed masses
  4 centaur simulacra
  42 flying skulls
  2 ice dragon skeletons
  31 jumping spiders
  Sigmund (D:5)
  A fire dragon skeleton (Crypt:2)
  27 culicivoras
  2 culicivoras (shapeshifter)
  12 shadows
  An iron dragon simulacrum (Coc:1)
  20 wraiths
  9 wyverns
  9 ushabtiu
  18 ynoxinuls
  A fire bat (shapeshifter) (Vaults:5)
  An ettin skeleton (Crypt:1)
  3 naga simulacra
  2 vampires
  11 water elementals
  Eustachio (D:4)
  5 air elementals
  A fire elemental (Elf:1)
  7 basilisks
  An elf zombie (Vaults:2)
  A merfolk skeleton (Tomb:1)
  17 yaks
  3 dire elephant simulacra
  A tyrant leech zombie (Crypt:2)
  26 chaos spawn
  3 hogs (Shoals:1)
  6 golden eyes
  48 large abominations
  A yaktaur simulacrum (Vaults:3)
  13 vampire mosquitoes
  61 redbacks
  33 neqoxecs
  5 wargs
  A deep troll zombie (Crypt:1)
  2 glowing shapeshifter zombies
  12 harpy simulacra
  A naga (Abyss:3)
  5 acid dragons
  4 hydra simulacra
  14 water moccasins
  5 floating eyes
  A hell hound (Abyss:6)
  Duvessa (D:4)
  A swamp drake (Lair:5)
  43 orc warriors
  5 ice beasts
  A black bear (shapeshifter) (D:14)
  7 sky beasts
  7 black bears
  A fire dragon simulacrum (Coc:1)
  13 ogres
  A boggart (Vaults:2)
  5 ettin simulacra
  6 wolves (Lair:5)
  A phantom (D:7)
  A golden eye zombie (Crypt:2)
  23 centaurs
  6 kobold brigands
  A fire crab zombie (Crypt:2)
  18 small abominations
  A gnoll sergeant (D:9)
  14 bullfrogs
  3 necrophages
  2 scorpions
  An earth elemental (Elf:3)
  10 wights
  A human skeleton (Vaults:3)
  Dowan (D:4)
  2 cyclops skeletons
  22 killer bees
  A howler monkey (D:12)
  A howler monkey (shapeshifter) (Depths:3)
  14 electric eels
  6 crimson imps (Pan)
  2 gnoll boudas
  3 jellies (D:5)
  4 quasits
  17 orc priests
  2 hounds
  7 iguanas
  An iron imp (Abyss:4)
  Natasha (thrice) (D:3)
  A basilisk skeleton (Crypt:1)
  21 orc wizards
  17 hell rats
  A boggart skeleton (Crypt:2)
  An ogre skeleton (Crypt:3)
  40 mummies
  A hound skeleton (Crypt:3)
  6 adders
  7 gnolls
  12 river rats
  A shadow imp (D:6)
  3 white imps
  2 ufetubi
  A lava snake skeleton (Crypt:2)
  6 worms
  3 dart slugs
  104 orcs
  7 bats
  6 endoplasms
  2 giant cockroaches
  4 goblins
  8 hobgoblins
  4 jackals (D:4)
  24 kobolds
  9 quokkas
  8 ball pythons
  A ball python skeleton (Crypt:3)
  2 endoplasm zombies (Crypt:1)
  6 frilled lizards
  19 rats
  5 briar patches (D:11)
  2 creeping infernos
  5 fire vortices
  A lurking horror (Abyss:6)
  A starspawn tentacle (Abyss:4)
  4 tentacles
4180 creatures vanquished.

Vanquished Creatures (collateral kills)
  An eye of devastation (Slime:5)
  A redback (Spider:1)
2 creatures vanquished.

Vanquished Creatures (others)
  3 eldritch tentacles
  A shard shrike simulacrum (Coc:7)
  An elemental wellspring (Coc:6)
  A green death (Pan)
  A rakshasa (Pan)
  A caustic shrike simulacrum (Coc:2)
  3 juggernaut simulacra
  A hell knight (Hell)
  2 deep elf knights (Elf:2)
  A skeletal warrior (Crypt:1)
  A wizard (Pan)
  A glowing orange brain (Pan)
  3 spriggan simulacra
  An ugly thing (D:8)
  A titan simulacrum (Coc:7)
  A vault sentinel (Vaults:5)
  An anaconda simulacrum (Coc:3)
  A golden dragon simulacrum (Coc:3)
  A stone giant simulacrum (Coc:3)
  A ynoxinul (Pan)
  An ushabti (Tomb:3)
  A yak (D:8)
  A fire bat (Abyss:3)
  A chaos spawn (Abyss:4)
  2 dire elephant simulacra
  An alligator snapping turtle simulacrum (Coc:3)
  A swamp worm (D:11)
  A harpy simulacrum (Coc:7)
  A centaur (D:8)
  2 ettin simulacra
  A kobold brigand (D:8)
  A necrophage (D:8)
  A killer bee (D:8)
  2 small abominations
  An orc priest (D:8)
  An orc wizard (Orc:2)
  An orc (Orc:2)
  A kobold (D:9)
  4 bushes (Abyss:6)
  A creeping inferno (Geh:4)
  16 demonic plants
  A fire vortex (Pan)
  31 fungi
  132 plants
  18 starspawn tentacles
  5 tentacles
256 creatures vanquished.

Grand Total: 4438 creatures vanquished

Notes
Turn   | Place    | Note
-------+----------+-------------------------------------------
     0 | D:1      | TittyCrusher the Naga Fighter began the quest for the Orb.
     0 | D:1      | Reached XP level 1. HP: 21/21 MP: 1/1
   402 | D:1      | Reached XP level 2. HP: 28/28 MP: 2/2
   415 | D:1      | Found a faded altar of an unknown god.
  1156 | D:2      | Reached XP level 3. HP: 34/34 MP: 3/3
  2339 | D:3      | Reached XP level 4. HP: 39/42 MP: 4/4
  2679 | D:3      | Reached skill level 5 in Polearms
  2679 | D:3      | Reached XP level 5. HP: 42/49 MP: 5/5
  2731 | D:3      | Noticed Natasha
  2738 | D:3      | Killed Natasha
  2739 | D:3      | Reached XP level 6. HP: 49/56 MP: 6/6
  2807 | D:3      | Found a glowing drain.
  2824 | Sewer    | Entered a sewer
  3131 | D:3      | Noticed Natasha
  3141 | D:3      | Killed Natasha
  3149 | D:3      | Noticed Natasha
  3158 | D:3      | Killed Natasha
  3819 | D:4      | Reached XP level 7. HP: 62/62 MP: 7/7
  4043 | D:4      | Noticed Eustachio
  4058 | D:4      | Killed Eustachio
  4072 | D:4      | Noticed Dowan
  4072 | D:4      | Noticed Duvessa
  4078 | D:4      | Killed Dowan
  4085 | D:4      | Killed Duvessa
  4256 | D:4      | Found a runed translucent door.
  4257 | D:4      | Noticed Crazy Yiuf
  4723 | D:5      | Entered Level 5 of the Dungeon
  4739 | D:5      | Reached XP level 8. HP: 38/69 MP: 8/8
  4951 | D:5      | Noticed Grinder
  4951 | D:5      | Paralysed by Grinder for 5 turns
  5687 | D:5      | Found a staircase to the Ecumenical Temple.
  5695 | Temple   | Entered the Ecumenical Temple
  5741 | Temple   | Became a worshipper of Cheibriados the Contemplative
  5855 | D:5      | Found a glowing silver altar of Zin.
  5883 | D:5      | Noticed Sigmund
  5982 | D:5      | Reached skill level 10 in Polearms
  6144 | D:5      | Killed Sigmund
  6168 | D:5      | Found a shimmering blue altar of Sif Muna.
  6340 | D:6      | Noticed a troll
  6440 | D:6      | Found Iwneqemyq's Antique Armour Shop.
  6448 | D:6      | Bought a glowing robe for 118 gold pieces
  6448 | D:6      | Bought a pair of gloves for 144 gold pieces
  6591 | D:6      | Found a transporter.
  6598 | D:6      | Found a transporter.
  6599 | D:6      | Noticed Jingleheimer's ghost (amateur MiGl)
  6658 | D:6      | Reached XP level 9. HP: 63/75 MP: 9/9
  6820 | D:6      | Reached * piety under Cheibriados
  6826 | D:6      | Found a hide-covered altar of Uskayaw.
  6826 | D:6      | Found an opulent altar of Gozag.
  6826 | D:6      | Found a broken altar of Ashenzari.
  6826 | D:6      | Found a hazy altar of Hepliaklqana.
  7485 | D:7      | Reached ** piety under Cheibriados
  7817 | D:7      | Reached XP level 10. HP: 42/84 MP: 10/10
  8192 | D:8      | Noticed a death yak
  8499 | D:7      | Reached *** piety under Cheibriados
  8668 | D:10     | Entered Level 10 of the Dungeon
  8885 | D:8      | Killed a white ugly thing
  8920 | D:8      | Found a bloodstained altar of Trog.
  8936 | D:8      | Found a staircase to the Lair.
  8951 | D:8      | Noticed a death yak
  8952 | D:8      | Noticed a death yak
  9240 | D:8      | Reached skill level 1 in Invocations
  9339 | D:8      | Noticed Maggie
  9357 | D:8      | Noticed a gargoyle
  9361 | D:8      | Noticed a white ugly thing
  9625 | D:10     | Reached **** piety under Cheibriados
  9628 | D:10     | Found a staircase to the Orcish Mines.
  9636 | D:11     | Noticed Erolcha
  9919 | D:5      | Killed Grinder
 10407 | D:6      | Noticed a manticore
 10413 | D:6      | Killed a manticore
 11508 | D:9      | Reached XP level 11. HP: 90/90 MP: 14/14
 11525 | D:9      | Reached skill level 15 in Polearms
 11610 | D:9      | Found Moibur's Fire Supplies.
 12310 | D:8      | Noticed a two-headed ogre
 12322 | D:8      | Killed a two-headed ogre
 12679 | D:8      | Killed a white ugly thing
 12682 | D:8      | Found a shimmering altar of Xom.
 12699 | D:8      | Reached ***** piety under Cheibriados
 12869 | D:8      | Noticed Maggie
 12869 | D:8      | Maggie changed into Maggie the sky beast
 12873 | D:8      | Killed Maggie the sky beast
 13591 | D:10     | Noticed Gastronok
 13698 | D:10     | Reached skill level 5 in Invocations
 14219 | D:10     | Found a portal to a secret trove of treasure.
 14457 | D:10     | Noticed Josephine
 14472 | D:10     | Killed Josephine
 14473 | D:10     | Reached skill level 5 in Fighting
 14984 | Lair:1   | Entered Level 1 of the Lair of Beasts
 15137 | Lair:2   | Reached XP level 12. HP: 102/103 MP: 16/16
 15621 | Lair:1   | You fall into a shaft and drop 1 floor!
 16332 | Lair:2   | Noticed a boulder beetle
 16459 | Lair:2   | Killed a boulder beetle
 16687 | Lair:2   | Noticed Erica
 16694 | Lair:2   | Killed Erica
 16977 | Lair:3   | Noticed a seven-headed hydra
 17082 | Lair:5   | Entered Level 5 of the Lair of Beasts
 17622 | Lair:4   | Gained mutation: You can use your snake-like lower body to
                  | constrict enemies. [Naga growth]
 17622 | Lair:4   | Reached XP level 13. HP: 90/109 MP: 19/19
 17881 | Lair:3   | Found a staircase to the Shoals.
 17937 | Lair:3   | Found a hole to the Spider Nest.
 18001 | Lair:3   | Got Pipsoa's Volume of the Impact and Calling
 18358 | Lair:5   | Reached ****** piety under Cheibriados
 19120 | Lair:5   | Reached skill level 1 in Dodging
 19326 | Lair:5   | Noticed a dire elephant
 19339 | Lair:5   | Killed a dire elephant
 19608 | Lair:5   | Identified the +9 war axe "List" {flame, *Rage rElec rC-
                  | Int+7}
 19614 | Lair:5   | Identified the +8 great sword "Wuyrph" {vorpal, Dex+2}
 19706 | Lair:5   | Reached skill level 5 in Dodging
 19742 | Lair:5   | Found a staircase to the Slime Pits.
 19787 | Lair:5   | Reached XP level 14. HP: 103/117 MP: 20/20
 20315 | Lair:5   | Learned a level 2 spell: Blink
 20336 | Lair:5   | Reached skill level 1 in Translocations
 21165 | D:8      | Noticed Maurice
 21171 | D:8      | Killed Maurice
 21853 | D:9      | Bought a ring of protection from fire for 375 gold pieces
 21864 | D:9      | Identified a scroll of acquirement
 22215 | D:10     | Killed Gastronok
 22285 | D:11     | Found a glowing golden altar of the Shining One.
 22347 | D:11     | Found a transporter.
 22367 | D:11     | Killed Erolcha
 22388 | D:11     | Found a transporter.
 22388 | D:11     | Found the +1 cloak of Starlight {*Dazzle EV+4 Stlth--}
 22490 | D:11     | Reached skill level 5 in Armour
 24605 | Orc:1    | Entered Level 1 of the Orcish Mines
 24610 | Orc:1    | Noticed an orc warlord
 24654 | Orc:1    | Killed an orc warlord
 24655 | Orc:1    | Reached skill level 10 in Invocations
 25434 | Orc:1    | Reached XP level 15. HP: 97/123 MP: 22/22
 25719 | Orc:2    | Entered Level 2 of the Orcish Mines
 26824 | Orc:2    | Found a staircase to the Elven Halls.
 27316 | Orc:2    | Noticed Saint Roka
 27324 | Orc:2    | Killed Saint Roka
 27475 | Orc:2    | Found Tywas's Assorted Antiques.
 27475 | Orc:2    | Found Testreyritt's Distillery.
 27477 | Orc:2    | Found Zuwkemp's Distillery.
 27479 | Orc:2    | Found Ettir's Jewellery Boutique.
 27485 | Orc:2    | Bought a scroll labelled GEIQOH LOBB for 29 gold pieces
 27814 | Orc:2    | Bought a potion of might for 64 gold pieces
 27814 | Orc:2    | Bought a potion of curing for 48 gold pieces
 27831 | Orc:2    | Bought a potion of invisibility for 128 gold pieces
 27831 | Orc:2    | Bought a potion of might for 64 gold pieces
 27831 | Orc:2    | Bought 2 potions of heal wounds for 160 gold pieces
 27831 | Orc:2    | Bought a potion of heal wounds for 80 gold pieces
 27831 | Orc:2    | Bought a potion of curing for 48 gold pieces
 28037 | D:13     | Noticed Rupert
 28044 | D:13     | Killed Rupert
 28384 | D:13     | Found Ruisuz's Weapon Shop.
 28457 | D:13     | Found a gate to the Vaults.
 29094 | D:14     | Acquired a +1 vampiric executioner's axe
 29158 | D:12     | Acquired the amulet "Loaq" {Acrobat rC+}
 29455 | D:14     | Reached skill level 10 in Fighting
 29724 | D:14     | Identified the +8 shortbow "Xifioso" {venom, Will+}
 29789 | D:14     | Found a hazy altar of Hepliaklqana.
 30142 | D:15     | Entered Level 15 of the Dungeon
 30204 | D:15     | Found Tufawut's Magic Scroll Boutique.
 30361 | D:15     | Found a white marble altar of Elyvilon.
 30492 | D:15     | Reached XP level 16. HP: 154/154 MP: 24/24
 31138 | D:15     | Found a staircase to the Depths.
 31797 | Lair:3   | Reached XP level 17. HP: 159/163 MP: 25/25
 32264 | Spider:1 | Entered Level 1 of the Spider Nest
 32363 | Spider:1 | Reached skill level 1 in Evocations
 32619 | Spider:1 | Reached skill level 5 in Evocations
 32719 | Spider:1 | You fall into a shaft and drop 1 floor!
 33093 | Spider:1 | Learned a level 3 spell: Lesser Beckoning
 33599 | Spider:2 | Reached skill level 5 in Translocations
 34799 | Spider:3 | Found a transporter.
 34801 | Spider:3 | Noticed mrgoodbar64's ghost (journeyman OgVM)
 34996 | Spider:3 | Reached skill level 1 in Spellcasting
 36455 | Spider:3 | Found a transporter.
 36462 | Spider:3 | Reached skill level 5 in Spellcasting
 36462 | Spider:3 | Reached XP level 18. HP: 151/171 MP: 15/26
 36474 | Spider:3 | Killed mrgoodbar64's ghost
 36626 | Spider:4 | Entered Level 4 of the Spider Nest
 37424 | Spider:4 | Reached skill level 10 in Translocations
 37855 | Spider:4 | Got a gossamer rune of Zot
 37865 | Spider:4 | Reached XP level 19. HP: 178/178 MP: 26/28
 37866 | Spider:4 | Reached XP level 20. HP: 190/190 MP: 26/29
 38566 | Shoals:1 | Entered Level 1 of the Shoals
 38597 | Shoals:1 | Found a shimmering altar of Xom.
 38614 | Shoals:1 | Noticed Kirke
 38626 | Shoals:1 | Killed Kirke
 39752 | Shoals:2 | Reached skill level 15 in Fighting
 39840 | Shoals:2 | Identified the +0 pair of gloves of the Bulwark {rPois
                  | Regen+ Stlth+}
 40798 | Shoals:3 | Found Wofiph's Book Shoppe.
 40951 | Shoals:4 | Entered Level 4 of the Shoals
 41243 | Shoals:4 | Identified the +3 triple crossbow of Mastery {venom, SInv}
 41246 | Shoals:4 | Got a barnacled rune of Zot
 41266 | Shoals:4 | Reached skill level 10 in Armour
 41271 | Shoals:4 | Reached XP level 21. HP: 136/201 MP: 10/30
 41544 | Shoals:4 | Noticed Louise
 41544 | Abyss:2  | Cast into level 2 of the Abyss (Louise)
 41675 | Abyss:2  | Noticed a dread lich
 41689 | Abyss:2  | Killed a dread lich
 41714 | Abyss:2  | Reached skill level 10 in Stealth
 42174 | Shoals:4 | Escaped the Abyss
 42179 | Shoals:4 | Killed Louise
 42184 | Shoals:4 | Noticed Polyphemus
 42596 | Shoals:4 | Learned a level 6 spell: Statue Form
 42822 | Elf:1    | Entered Level 1 of the Elven Halls
 42830 | Elf:1    | Noticed Donald
 42834 | Elf:1    | Reached skill level 1 in Transmutations
 42834 | Elf:1    | Reached skill level 1 in Earth Magic
 42846 | Elf:1    | Killed Donald
 43243 | Elf:1    | Found Kiteum's Distillery.
 43277 | Elf:1    | Found Juriog's Book Boutique.
 43280 | Elf:1    | Found Qeos's Jewellery Shoppe.
 43281 | Elf:1    | Found Ikeetuaf's Book Boutique.
 43310 | Elf:1    | Noticed Agnes
 43313 | Elf:1    | Killed Agnes
 43633 | Elf:1    | Found a runed translucent gate.
 43633 | Elf:1    | Found a runed translucent gate.
 43633 | Elf:1    | Found a runed translucent gate.
 43633 | Elf:1    | Found a runed translucent gate.
 43633 | Elf:1    | Found a runed translucent gate.
 43635 | Elf:1    | Found a runed translucent gate.
 44127 | Elf:1    | Found the +9 staff of Olgreb {rPois∞}
 44145 | Elf:1    | Paralysed by an air elemental for 1 turns
 44407 | Elf:2    | Reached skill level 5 in Transmutations
 44407 | Elf:2    | Reached skill level 5 in Earth Magic
 44599 | Elf:2    | Noticed Aizul
 44610 | Elf:2    | Killed Aizul
 44828 | Elf:2    | Paralysed by an air elemental for 1 turns
 45411 | Elf:2    | Paralysed by an air elemental for 1 turns
 45629 | Elf:2    | Found a runed translucent gate.
 45630 | Elf:2    | Found a runed translucent gate.
 45630 | Elf:2    | Found a runed translucent gate.
 46054 | Elf:2    | Reached XP level 22. HP: 134/210 MP: 14/31
 46529 | Elf:3    | Entered Level 3 of the Elven Halls
 47405 | Abyss:3  | Cast into level 3 of the Abyss (a deep elf sorcerer)
 47532 | Abyss:3  | Found a corrupted altar of Lugonu.
 47544 | Abyss:3  | Found a corrupted altar of Lugonu.
 47789 | Elf:3    | Escaped the Abyss
 48048 | Elf:3    | Identified the +3 war axe of Riarux {holy, rPois MP-9 Int-2
                  | Stlth+}
 48200 | Elf:3    | Identified the +0 pair of boots of the Swan {rPois Will+
                  | Dex+2 Slay-6}
 48201 | Elf:3    | Identified the +2 pair of boots of Impermeability {rElec
                  | rPois}
 48205 | Elf:3    | Identified the -1 pair of boots "Vouz" {rC++}
 48221 | Elf:3    | Identified the +9 war axe of Symmetry {freeze, Will++}
 48221 | Elf:3    | Identified the ring "Neaphip" {rC+ Str+4}
 48253 | Elf:3    | Found the +3 giant club "Skullcrusher" {speed, Str+7}
 48263 | Elf:3    | Reached skill level 10 in Spellcasting
 48540 | Elf:3    | Identified the +2 morningstar of Ascent {vorpal, Int+6}
 48549 | Elf:3    | Identified the +2 scimitar of the Thing {speed, Str+4}
 48552 | Elf:3    | Identified the amulet of Ciste {Reflect Dex+4 SH+5}
 48553 | Elf:3    | Identified the +4 trident of the Salmon {holy, rF+ Will+}
 48557 | Elf:3    | Identified the +5 whip "Mumasi" {flame, rCorr}
 48558 | Elf:3    | Identified the +1 shortbow of Focus {venom, rPois Str+4
                  | Dex+4 Stlth-}
 48745 | Elf:1    | Bought the amulet "Viygh" {Will+ Regen+ Dex+4 Slay+3} for
                  | 1081 gold pieces
 48974 | Vaults:1 | Entered Level 1 of the Vaults
 49240 | Vaults:1 | Reached skill level 10 in Earth Magic
 49247 | Vaults:1 | Reached skill level 10 in Transmutations
 49353 | Vaults:1 | Reached XP level 23. HP: 217/217 MP: 32/37
 50214 | Vaults:2 | Found a staircase to the Crypt.
 50214 | Vaults:2 | Found an ancient bone altar of Kikubaaqudgha.
 50224 | Vaults:2 | Found a basalt altar of Yredelemnul.
 50230 | Crypt:1  | Entered Level 1 of the Crypt
 51002 | Crypt:1  | Reached skill level 10 in Dodging
 52158 | Crypt:2  | Found a basalt altar of Yredelemnul.
 52312 | Crypt:3  | Entered Level 3 of the Crypt
 52448 | Crypt:3  | Reached XP level 24. HP: 225/225 MP: 36/37
 52478 | Crypt:3  | Noticed Bai Suzhen
 52486 | Crypt:3  | Killed Bai Suzhen
 52726 | Crypt:3  | Learned a level 2 spell: Sublimation of Blood
 52731 | Crypt:3  | Learned a level 3 spell: Mephitic Cloud
 52741 | Crypt:3  | Learned a level 9 spell: Shatter
 52753 | Crypt:3  | Found a basalt altar of Yredelemnul.
 53224 | Crypt:3  | Identified the +1 robe "Ynky" {Rampage Dex+2}
 53225 | Crypt:3  | Identified the ring of Xom's Amusement {Fly rN+ Str+4 Dex+3
                  | Slay-4}
 53225 | Crypt:3  | Identified the amulet "Qineu" {rPois Regen+ rCorr}
 53225 | Crypt:3  | Identified the ring of Vitemuj {rN+ Slay+6}
 53328 | Crypt:3  | Found a staircase to the Tomb.
 54341 | Vaults:2 | Found Mivust's Book Emporium.
 54597 | Vaults:2 | Found a runed translucent gate.
 54597 | Vaults:2 | Found a runed translucent gate.
 54598 | Vaults:2 | Found a runed translucent gate.
 54602 | Vaults:2 | Noticed Kare Xaoge's ghost (adept DgTm)
 55065 | Vaults:2 | Killed Kare Xaoge's ghost
 55123 | Vaults:2 | Identified the +1 hat "Futz" {rC+ Regen+ Str-2 Int+3 SInv}
 55265 | Vaults:3 | Reached skill level 15 in Invocations
 55392 | Vaults:3 | Reached XP level 25. HP: 238/238 MP: 25/37
 55461 | Vaults:3 | Found Orrih's Magic Scroll Shop.
 55482 | Vaults:3 | Noticed Frederick
 55485 | Vaults:3 | Killed Frederick
 55712 | Vaults:3 | Found the +8 demon trident "Rift" {distort, reach+}
 55951 | Vaults:3 | Reached skill level 15 in Dodging
 56530 | Vaults:4 | Found Ybbotsoes's Magic Scroll Boutique.
 56539 | Vaults:4 | Bought a scroll of acquirement for 988 gold pieces
 56540 | Vaults:4 | Acquired the Grimoire of Transmigration
 56545 | Vaults:4 | Learned a level 2 spell: Wereblood
 56545 | Vaults:4 | Acquired the +2 pair of gloves of Jigsaw {rF+}
 56735 | Vaults:4 | Found Qibb's Book Shop.
 57505 | Orc:2    | Bought 2 potions of mutation for 256 gold pieces
 57505 | Orc:2    | Bought a potion of mutation for 128 gold pieces
 57507 | Orc:2    | Bought a potion of mutation for 128 gold pieces
 57586 | Elf:1    | Bought a potion of mutation for 96 gold pieces
 57586 | Elf:1    | Bought a potion of mutation for 96 gold pieces
 57586 | Elf:1    | Bought a potion of curing for 36 gold pieces
 57586 | Elf:1    | Bought a potion of cancellation for 96 gold pieces
 57586 | Elf:1    | Bought a potion of cancellation for 96 gold pieces
 57586 | Elf:1    | Bought a potion of might for 48 gold pieces
 57586 | Elf:1    | Bought a potion of curing for 36 gold pieces
 58143 | Vaults:4 | Bought a scroll of brand weapon for 180 gold pieces
 58674 | Slime:1  | Entered Level 1 of the Pits of Slime
 58891 | Slime:5  | Entered Level 5 of the Pits of Slime
 58974 | Slime:5  | Found a viscous altar of Jiyva.
 58974 | Slime:5  | Noticed the Royal Jelly
 59023 | Slime:5  | Killed the Royal Jelly
 59107 | Slime:5  | Found the dreamshard necklace {*Dream Drain}
 59124 | Slime:5  | Identified the +5 bardiche "Jiyp" {freeze, rElec}
 59134 | Slime:5  | Got a slimy rune of Zot
 59182 | Slime:5  | Identified the +0 ring mail of Toas {rPois Str+9 Int-4}
 59576 | Depths:1 | Entered Level 1 of the Depths
 59760 | Depths:1 | Found Gabisad's Jewellery Shop.
 59765 | Depths:1 | Found Esecinok's Distillery.
 59773 | Depths:1 | Bought a potion of might for 80 gold pieces
 59773 | Depths:1 | Bought 2 potions of heal wounds for 200 gold pieces
 59773 | Depths:1 | Bought a potion of might for 80 gold pieces
 59773 | Depths:1 | Bought a potion of mutation for 160 gold pieces
 59776 | Depths:1 | Identified the ring of Fuim {rN+ Will+}
 59868 | Depths:1 | Found Cevuptum's General Store.
 59968 | Depths:1 | Found a one-way gateway to a ziggurat.
 60163 | Depths:1 | Found a gateway to Hell.
 60303 | Depths:1 | Reached XP level 26. HP: 247/247 MP: 37/37
 60726 | Depths:2 | Found a one-way gate to the infinite horrors of the Abyss.
 60919 | Depths:2 | Noticed a juggernaut
 60932 | Depths:2 | Killed a juggernaut
 60954 | Depths:2 | Noticed a juggernaut
 60958 | Depths:2 | Killed a juggernaut
 60980 | Depths:2 | Learned a level 2 spell: Passwall
 61007 | Depths:2 | Noticed Sojobo
 61017 | Depths:2 | Killed Sojobo
 61064 | Depths:2 | Identified the +9 plate armour of the Hills {rC++ Str+3}
 61068 | Depths:2 | Identified the +10 flail "Pagunk" {spect, rN+}
 61308 | Depths:2 | Found a one-way gate leading to the halls of Pandemonium.
 61439 | Depths:2 | Found a blossoming altar of Fedhas.
 61978 | Depths:3 | Identified the +8 falchion of the Valley {vorpal, Int+6}
 62125 | Depths:3 | Identified the +5 sling "Fois" {flame, Will++ Dex-2}
 62836 | Depths:3 | Found the +9 scales of the Dragon King {rPois rF+ rC+
                  | Will+}
 63222 | Depths:2 | Identified the +5 quarterstaff "Killer Klown's Regret"
                  | {protect, Str+3 Stlth+}
 63256 | Depths:4 | Entered Level 4 of the Depths
 63380 | Depths:4 | Found Giaxziot's Antique Armour Emporium.
 63388 | Depths:4 | Bought a slimy robe for 250 gold pieces
 63388 | Depths:4 | Identified the +1 robe of Giukait {rC+ Regen+} (You bought
                  | it in a shop on level 4 of the Depths)
 63444 | Depths:4 | Found a gate to the Realm of Zot.
 63473 | Depths:4 | Reached skill level 15 in Earth Magic
 63564 | Depths:4 | Reached XP level 27. HP: 255/255 MP: 33/37
 64136 | Depths:4 | Noticed a juggernaut
 64146 | Depths:4 | Killed a juggernaut
 64151 | Depths:4 | Found Giamosow's Book Boutique.
 64164 | Depths:4 | Bought a manual of Dodging for 1200 gold pieces
 64563 | Vaults:4 | Learned a level 1 spell: Apportation
 64565 | Vaults:5 | Entered Level 5 of the Vaults
 64692 | Vaults:5 | Got a silver rune of Zot
 64846 | Vaults:5 | Identified the amulet "Ukhlen Ypub" {Rampage Regen+ Str-4
                  | Dex+4 Slay+3}
 65027 | Vaults:5 | Found Xoixifag's Magic Scroll Boutique.
 65143 | Vaults:5 | Identified the ring of Coicaj {Fire rElec rN+ Will- Dex+8
                  | Stlth-}
 65246 | Vaults:5 | Got a silver rune of Zot
 66200 | Depths:2 | Voluntarily entered the Abyss.
 66501 | Abyss:4  | Noticed an ancient lich
 66507 | Abyss:4  | Killed an ancient lich
 66727 | Abyss:4  | Gained mutation: You are clumsy. (Dex -2) [mutagenic glow]
 66744 | Abyss:4  | Found a corrupted altar of Lugonu.
 66778 | Abyss:4  | Got an abyssal rune of Zot
 66942 | Abyss:6  | Noticed an ancient lich
 66948 | Abyss:6  | Killed an ancient lich
 66957 | Abyss:6  | Noticed an ancient lich
 66964 | Abyss:6  | Killed an ancient lich
 67029 | Abyss:6  | Paralysed by accursed screaming for 2 turns
 67032 | Depths:2 | Escaped the Abyss
 67080 | Zot:1    | Entered Level 1 of the Realm of Zot
 69089 | D:6      | Killed Jingleheimer's ghost
 70057 | Zot:2    | Reached skill level 15 in Stealth
 70455 | Zot:3    | Identified the +10 spear "Orb Guardian's Bane" {vorpal,
                  | rElec rN+ Will+ Int-4}
 70527 | Zot:3    | Found a transporter.
 70538 | Zot:3    | Found a transporter.
 71302 | Zot:4    | Noticed an orb of fire
 71302 | Zot:4    | Gained mutation: You occasionally shout uncontrollably at
                  | your foes. [an orb of fire]
 71311 | Zot:4    | Killed an orb of fire
 71650 | Zot:4    | Identified the +1 hand axe of Subjectivity {flame, Int+4
                  | Dex+5}
 71695 | Zot:4    | Identified the +0 leather armour of the Zebra {Fly rC++ rN+
                  | Int+3}
 71700 | Zot:4    | Got the Lessons on the Pyre and Hypothermia
 72350 | Zot:5    | Entered Level 5 of the Realm of Zot
 73025 | Zot:5    | Noticed an orb of fire
 73026 | Zot:5    | Gained mutation: You are frail. (-10% HP) [an orb of fire]
 73031 | Zot:5    | Gained mutation: You occasionally lose the ability to read
                  | scrolls when taking damage. [an orb of fire]
 73042 | Zot:5    | Killed an orb of fire
 73057 | Zot:5    | Lost mutation: You occasionally shout uncontrollably at
                  | your foes. [potion of mutation]
 73057 | Zot:5    | Lost mutation: You are frail. (-10% HP) [potion of
                  | mutation]
 73057 | Zot:5    | Gained mutation: You are partially covered in iridescent
                  | scales. (AC +2) [potion of mutation]
 73057 | Zot:5    | Gained mutation: You expend magic power (3 MP) to
                  | strengthen your wands. [potion of mutation]
 73057 | Zot:5    | Lost mutation: You are clumsy. (Dex -2) [potion of
                  | mutation]
 73058 | Zot:5    | Lost mutation: You are partially covered in iridescent
                  | scales. (AC +2) [potion of mutation]
 73058 | Zot:5    | Lost mutation: You occasionally lose the ability to read
                  | scrolls when taking damage. [potion of mutation]
 73058 | Zot:5    | Gained mutation: You have sharp fingernails. [potion of
                  | mutation]
 73058 | Zot:5    | Gained mutation: You are clumsy. (Dex -2) [potion of
                  | mutation]
 73058 | Zot:5    | Gained mutation: Your muscles are strong. (Str +4, Int/Dex
                  | -1) [potion of mutation]
 73096 | Zot:5    | Noticed an orb of fire
 73103 | Zot:5    | Gained mutation: You occasionally lose the ability to drink
                  | potions when taking damage. [an orb of fire]
 73104 | Zot:5    | Killed an orb of fire
 73111 | Zot:5    | Noticed an ancient lich
 73111 | Zot:5    | Noticed an ancient lich
 73118 | Zot:5    | Killed an ancient lich
 73120 | Zot:5    | Killed an ancient lich
 73130 | Zot:5    | Lost mutation: You are clumsy. (Dex -2) [potion of
                  | mutation]
 73130 | Zot:5    | Lost mutation: Your muscles are strong. (Str +4, Int/Dex
                  | -1) [potion of mutation]
 73130 | Zot:5    | Gained mutation: Your magical capacity is low. (-10% MP)
                  | [potion of mutation]
 73130 | Zot:5    | Gained mutation: You are partially covered in iridescent
                  | scales. (AC +2) [potion of mutation]
 73130 | Zot:5    | Gained mutation: You are occasionally teleported next to
                  | monsters. [potion of mutation]
 73131 | Zot:5    | Lost mutation: You are partially covered in iridescent
                  | scales. (AC +2) [potion of mutation]
 73131 | Zot:5    | Lost mutation: Your magical capacity is low. (-10% MP)
                  | [potion of mutation]
 73131 | Zot:5    | Lost mutation: You occasionally lose the ability to drink
                  | potions when taking damage. [potion of mutation]
 73131 | Zot:5    | Gained mutation: You are agile. (Dex +4, Str/Int -1)
                  | [potion of mutation]
 73131 | Zot:5    | Gained mutation: Your flesh is heat resistant. (rF+)
                  | [potion of mutation]
 73132 | Zot:5    | Lost mutation: You expend magic power (3 MP) to strengthen
                  | your wands. [potion of mutation]
 73132 | Zot:5    | Lost mutation: You are occasionally teleported next to
                  | monsters. [potion of mutation]
 73132 | Zot:5    | Lost mutation: You have sharp fingernails. [potion of
                  | mutation]
 73132 | Zot:5    | Gained mutation: Your mind is acute. (Int +4, Str/Dex -1)
                  | [potion of mutation]
 73132 | Zot:5    | Gained mutation: You can exhale a cloud of poison. [potion
                  | of mutation]
 73161 | Zot:5    | Noticed a dread lich
 73169 | Zot:5    | Killed a dread lich
 73194 | Zot:5    | Noticed an ancient lich
 73202 | Zot:5    | Killed an ancient lich
 73364 | Zot:5    | Noticed a dread lich
 73364 | Zot:5    | Noticed a dread lich
 73369 | Zot:5    | Noticed a dread lich
 73375 | Zot:5    | Killed a dread lich
 73376 | Zot:5    | Killed a dread lich
 73376 | Zot:5    | Noticed a dread lich
 73378 | Zot:5    | Killed a dread lich
 73390 | Zot:5    | Killed a dread lich
 73863 | Zot:5    | Learned a level 8 spell: Necromutation
 74004 | Depths:4 | Bought a manual of Necromancy for 1200 gold pieces
 74099 | Depths:1 | Bought a potion of curing for 60 gold pieces
 74324 | Vaults:3 | Bought a scroll of magic mapping for 150 gold pieces
 74950 | Vaults:4 | Bought a scroll of enchant weapon for 142 gold pieces
 75278 | Pan      | Entered Pandemonium
 75297 | Pan      | Reached skill level 1 in Necromancy
 75395 | Pan      | Reached skill level 5 in Necromancy
 75752 | Pan      | Noticed Caech the pandemonium lord
 75766 | Pan      | Killed Caech the pandemonium lord
 75791 | Pan      | Identified the +6 falchion of Mafu {elec, rN+}
 75908 | Pan      | Noticed Wefiek the pandemonium lord
 75911 | Pan      | Killed Wefiek the pandemonium lord
 75934 | Pan      | Reached skill level 10 in Necromancy
 76087 | Pan      | Identified the +10 broad axe "Dochan" {vamp, *Rage Int+8}
 76139 | Pan      | Noticed Mennas
 76147 | Pan      | Killed Mennas
 76213 | Pan      | Noticed Qosuyff the pandemonium lord
 76219 | Pan      | Killed Qosuyff the pandemonium lord
 76221 | Pan      | Got a demonic rune of Zot
 76273 | Pan      | Entered the realm of Lom Lobon.
 76827 | Pan      | Reached skill level 15 in Necromancy
 77368 | Pan      | Noticed Lom Lobon
 77379 | Pan      | Killed Lom Lobon
 77381 | Pan      | Got a magical rune of Zot
 77637 | Pan      | Found an exit through the horrors of the Abyss.
 77642 | Pan      | Entered the realm of Cerebov.
 77747 | Pan      | Identified the ring "Wuuprodgh" {rPois Will++}
 77884 | Pan      | Identified the +1 cloak "Qizxem" {*Slow rPois rF+ rN+}
 78012 | Pan      | Identified the +9 giant club of Tenet {drain, Fragile
                  | Will+++ Dex+4 SInv}
 78055 | Pan      | Reached skill level 15 in Transmutations
 78095 | Pan      | Got Xarypyasaf's Cyclopedia of Terrestrial Allies
 78197 | Pan      | Found the +6 sword of Cerebov {flame}
 78197 | Pan      | Noticed Cerebov
 78213 | Pan      | Killed Cerebov
 78259 | Pan      | Identified the +4 leather armour of Focus {Int+3 Dex-4
                  | Stlth+}
 78260 | Pan      | Identified the +5 bardiche "Worm" {vamp, Int+4 SInv Stlth+}
 78296 | Pan      | Got a fiery rune of Zot
 78453 | Pan      | Entered the realm of Mnoleg.
 78464 | Pan      | Gained mutation: You occasionally lose the ability to drink
                  | potions when taking damage. [a neqoxec]
 78511 | Pan      | Found an exit through the horrors of the Abyss.
 78695 | Pan      | Gained mutation: Your body sometimes deteriorates upon
                  | taking damage. [a neqoxec]
 78737 | Pan      | Gained mutation: Your magical capacity is low. (-10% MP) [a
                  | cacodemon]
 78829 | Pan      | Gained mutation: You occasionally shout uncontrollably at
                  | your foes. [a cacodemon]
 78941 | Pan      | Gained mutation: You sometimes lose your temper in combat.
                  | [a neqoxec]
 78944 | Pan      | Gained mutation: You occasionally lose the ability to read
                  | scrolls when taking damage. [a neqoxec]
 78959 | Pan      | Noticed Mnoleg
 78960 | Pan      | Gained mutation: You have an uncontrollable temper. [a
                  | neqoxec]
 78965 | Pan      | Gained mutation: Your spells are a little easier to cast,
                  | but a little less powerful. [a neqoxec]
 78980 | Pan      | Gained mutation: You sometimes lose the ability to read
                  | scrolls when taking damage. [a neqoxec]
 78982 | Pan      | Gained mutation: You are frail. (-10% HP) [a neqoxec]
 78991 | Pan      | Lost mutation: You have an uncontrollable temper. [a
                  | cacodemon]
 79012 | Pan      | Lost mutation: You sometimes lose the ability to read
                  | scrolls when taking damage. [potion of mutation]
 79012 | Pan      | Lost mutation: Your flesh is heat resistant. (rF+) [potion
                  | of mutation]
 79012 | Pan      | Gained mutation: You have a pair of small horns on your
                  | head. [potion of mutation]
 79013 | Pan      | Lost mutation: You occasionally lose the ability to read
                  | scrolls when taking damage. [potion of mutation]
 79013 | Pan      | Lost mutation: You sometimes lose your temper in combat.
                  | [potion of mutation]
 79013 | Pan      | Lost mutation: You occasionally lose the ability to drink
                  | potions when taking damage. [potion of mutation]
 79013 | Pan      | Gained mutation: You sometimes lose your temper in combat.
                  | [potion of mutation]
 79013 | Pan      | Gained mutation: You are partially covered in large bone
                  | plates. (SH +4) [potion of mutation]
 79014 | Pan      | Lost mutation: You have a pair of small horns on your head.
                  | [potion of mutation]
 79014 | Pan      | Lost mutation: Your magical capacity is low. (-10% MP)
                  | [potion of mutation]
 79014 | Pan      | Lost mutation: Your spells are a little easier to cast, but
                  | a little less powerful. [potion of mutation]
 79015 | Pan      | Lost mutation: You occasionally shout uncontrollably at
                  | your foes. [potion of mutation]
 79015 | Pan      | Lost mutation: You are frail. (-10% HP) [potion of
                  | mutation]
 79015 | Pan      | Gained mutation: You are partially covered in iridescent
                  | scales. (AC +2) [potion of mutation]
 79073 | Pan      | Got a glowing rune of Zot
 79084 | Pan      | Lost mutation: You can exhale a cloud of poison. [potion of
                  | mutation]
 79084 | Pan      | Lost mutation: You sometimes lose your temper in combat.
                  | [potion of mutation]
 79084 | Pan      | Lost mutation: Your body sometimes deteriorates upon taking
                  | damage. [potion of mutation]
 79084 | Pan      | Gained mutation: A frigid envelope surrounds you and
                  | freezes all who hurt you. [potion of mutation]
 79084 | Pan      | Gained mutation: You are very agile. (Dex +8, Str/Int -2)
                  | [potion of mutation]
 79148 | Pan      | Found an exit through the horrors of the Abyss.
 79161 | Pan      | Noticed Biwnur the pandemonium lord
 79171 | Pan      | Killed Biwnur the pandemonium lord
 79213 | Pan      | Entered the realm of Gloorx Vloq.
 79218 | Pan      | Found an exit through the horrors of the Abyss.
 79465 | Pan      | Got a dark rune of Zot
 79499 | Pan      | Noticed Gloorx Vloq
 79503 | Pan      | Killed Gloorx Vloq
 79551 | Pan      | Noticed Saaceism the pandemonium lord
 79557 | Pan      | Gained mutation: Potions are less effective at restoring
                  | your health. [a neqoxec]
 79572 | Pan      | Gained mutation: Your spells are a little easier to cast,
                  | but a little less powerful. [a cacodemon]
 79573 | Pan      | Gained mutation: Your body sometimes deteriorates upon
                  | taking damage. [a cacodemon]
 79580 | Pan      | Gained mutation: You occasionally lose the ability to read
                  | scrolls when taking damage. [a cacodemon]
 79601 | Pan      | Lost mutation: Your body sometimes deteriorates upon taking
                  | damage. [potion of mutation]
 79601 | Pan      | Lost mutation: You are partially covered in iridescent
                  | scales. (AC +2) [potion of mutation]
 79601 | Pan      | Lost mutation: You occasionally lose the ability to read
                  | scrolls when taking damage. [potion of mutation]
 79601 | Pan      | Gained mutation: Your flesh is cold resistant. (rC+)
                  | [potion of mutation]
 79832 | Pan      | Lost mutation: Your mind is acute. (Int +4, Str/Dex -1) [a
                  | cacodemon]
 79833 | Pan      | Gained mutation: You are frail. (-10% HP) [a cacodemon]
 79874 | Pan      | Noticed Ysaabab the pandemonium lord
 79877 | Pan      | Killed Ysaabab the pandemonium lord
 79970 | Pan      | Found an exit through the horrors of the Abyss.
 79979 | Pan      | Took an exit into the Abyss.
 79979 | Abyss:6  | Escaped into the Abyss
 79979 | Abyss:6  | Found a corrupted altar of Lugonu.
 80017 | Depths:2 | Escaped the Abyss
 80856 | Depths:1 | Bought a potion of cancellation for 160 gold pieces
 80900 | Hell     | Entered the Vestibule of Hell
 80900 | Hell     | Noticed Geryon
 81193 | Hell     | Killed Geryon
 81215 | Hell     | Found a gateway to the ashen valley of Gehenna.
 81891 | Geh:1    | Entered Level 1 of Gehenna
 81983 | Hell     | Lost mutation: You are partially covered in large bone
                  | plates. (SH +4) [potion of mutation]
 81983 | Hell     | Lost mutation: You are frail. (-10% HP) [potion of
                  | mutation]
 81983 | Hell     | Lost mutation: Your flesh is cold resistant. (rC+) [potion
                  | of mutation]
 81983 | Hell     | Gained mutation: Your spells are easier to cast, but less
                  | powerful. [potion of mutation]
 81983 | Hell     | Gained mutation: You sometimes lose your temper in combat.
                  | [potion of mutation]
 81983 | Hell     | Lost mutation: You sometimes lose your temper in combat.
                  | [potion of mutation]
 81983 | Hell     | Gained mutation: You are resistant to electric shocks.
                  | (rElec) [potion of mutation]
 81984 | Hell     | Lost mutation: You are resistant to electric shocks.
                  | (rElec) [potion of mutation]
 81984 | Hell     | Lost mutation: Potions are less effective at restoring your
                  | health. [potion of mutation]
 81984 | Hell     | Lost mutation: You are very agile. (Dex +8, Str/Int -2)
                  | [potion of mutation]
 81984 | Hell     | Gained mutation: You are frail. (-10% HP) [potion of
                  | mutation]
 81984 | Hell     | Gained mutation: Your flesh is heat resistant. (rF+)
                  | [potion of mutation]
 82170 | Geh:4    | You fall into a shaft and drop 2 floors!
 82354 | Geh:7    | Entered Level 7 of Gehenna
 82554 | Geh:7    | Identified the +1 cloak of Kuemyxt {rF+ Will- rCorr}
 82590 | Geh:7    | Found the +7 sceptre of Asmodeus
 82590 | Geh:7    | Noticed Asmodeus
 82657 | Geh:7    | Killed Asmodeus
 82666 | Geh:7    | Got an obsidian rune of Zot
 82755 | Geh:7    | Identified the +1 triple crossbow of Pestilence {elec,
                  | Str+4}
 82867 | Hell     | Found a gateway to the Iron City of Dis.
 82881 | Dis:1    | Entered Level 1 of the Iron City of Dis
 82933 | Dis:2    | Noticed an ancient lich
 82933 | Dis:2    | You fall into a shaft and drop 2 floors!
 83078 | Dis:7    | Entered Level 7 of the Iron City of Dis
 83370 | Dis:7    | Noticed the Serpent of Hell
 83378 | Dis:7    | Noticed a juggernaut
 83391 | Dis:7    | Killed the Serpent of Hell
 83397 | Dis:7    | Killed a juggernaut
 83405 | Dis:7    | Reached skill level 15 in Spellcasting
 83420 | Dis:7    | Noticed a juggernaut
 83426 | Dis:7    | Killed a juggernaut
 83452 | Dis:7    | Found the +4 staff of Dispater
 83452 | Dis:7    | Noticed Dispater
 83455 | Dis:7    | Noticed a juggernaut
 83463 | Dis:7    | Killed a juggernaut
 83471 | Dis:7    | Killed Dispater
 83498 | Dis:7    | Got an iron rune of Zot
 83699 | Hell     | Found a gateway to the decaying netherworld of Tartarus.
 83711 | Tar:1    | Entered Level 1 of Tartarus
 83942 | Tar:3    | Noticed a dread lich
 84160 | Tar:3    | Killed a dread lich
 84367 | Tar:7    | Entered Level 7 of Tartarus
 84631 | Abyss:6  | Cast into level 6 of the Abyss (profane servitor)
 84686 | Abyss:6  | Paralysed by accursed screaming for 1 turns
 84718 | Tar:7    | Escaped the Abyss
 84818 | Tar:7    | Noticed Ereshkigal
 84823 | Tar:7    | Killed Ereshkigal
 84831 | Tar:7    | Got the Almanac of Sandy Transmigration
 84833 | Tar:7    | Identified the ring of Xaverr {Fly Int+3}
 84836 | Tar:7    | Identified the ring of Fieck {rPois rC+ MP+9}
 84839 | Tar:7    | Identified the +10 great sword of Ascent {elec, rElec rN+
                  | Will+ SInv}
 84840 | Tar:7    | Identified the +3 hand axe of Kephim {venom, rF+ Str+7}
 84842 | Tar:7    | Got a bone rune of Zot
 84845 | Tar:7    | Identified the +1 robe of the Shining Light {Drain rF+
                  | Will+ Str+3}
 85019 | Hell     | Found a gateway to the freezing wastes of Cocytus.
 85066 | Coc:1    | Entered Level 1 of Cocytus
 85080 | Coc:1    | Reached skill level 10 in Evocations
 85189 | Coc:2    | You are sucked into a shaft and drop 1 floor!
 85204 | Coc:3    | Paralysed by a wendigo for 1 turns
 85213 | Coc:3    | Paralysed by a wendigo for 1 turns
 85284 | Coc:3    | Paralysed by a wendigo for 1 turns
 85328 | Coc:5    | Noticed a dread lich
 85330 | Coc:5    | Killed a dread lich
 85393 | Coc:6    | Paralysed by a wendigo for 1 turns
 85474 | Coc:7    | Entered Level 7 of Cocytus
 85571 | Coc:7    | Paralysed by a wendigo for 1 turns
 85681 | Coc:7    | Paralysed by a wendigo for 1 turns
 85701 | Coc:7    | Paralysed by a wendigo for 1 turns
 85726 | Coc:7    | Paralysed by a wendigo for 1 turns
 85829 | Coc:7    | Found the +3 pair of gauntlets of War {Slay+5}
 85833 | Coc:7    | Got an icy rune of Zot
 85842 | Coc:7    | Noticed Antaeus
 85859 | Coc:7    | Killed Antaeus
 87085 | Zig:1    | Entered Level 1 of a ziggurat
 87110 | Zig:2    | Entered Level 2 of a ziggurat
 87141 | Zig:3    | Entered Level 3 of a ziggurat
 87181 | Zig:4    | Entered Level 4 of a ziggurat
 87205 | Zig:4    | Identified the +10 mace "Orb Guardian's Regret" {vamp,
                  | *Slow rC+ Will+ Int+2}
 87213 | Zig:5    | Entered Level 5 of a ziggurat
 87234 | Zig:5    | Identified the ring "Deeh" {rF+ Will- rCorr Int+3 SInv}
 87257 | Zig:6    | Entered Level 6 of a ziggurat
 87304 | Zig:7    | Entered Level 7 of a ziggurat
 87317 | Zig:7    | Noticed a royal mummy
 87331 | Zig:7    | Killed a royal mummy
 87369 | Zig:7    | Identified the +3 longbow "Soesuv" {flame, Dex+2}
 87377 | Zig:8    | Entered Level 8 of a ziggurat
 87483 | Zig:8    | Identified the ring of Xeolekh {Fly rF+ Will+ MP+9}
 87491 | Zig:8    | Identified the +3 shortbow of Paper {flame, Str+4 SInv}
 87492 | Zig:8    | Identified the +2 scimitar of the Scroll {freeze, rF+}
 87504 | Zig:8    | Learned a level 5 spell: Manifold Assault
 87507 | Zig:9    | Entered Level 9 of a ziggurat
 87592 | Zig:9    | Identified the +0 plate armour of the Moon {rF- rC+ rN+
                  | Will+}
 87605 | Zig:10   | Entered Level 10 of a ziggurat
 87648 | Zig:10   | Identified the +1 cloak of the Contumacious God {Rampage
                  | rElec Int+3}
 87945 | Tomb:1   | Entered Level 1 of the Tomb of the Ancients
 88845 | Tomb:1   | Identified the +1 pair of boots of the Eleven Teeth {SInv}
 89002 | Tomb:1   | Noticed a royal mummy
 89004 | Tomb:1   | Noticed a royal mummy
 89009 | Tomb:1   | Killed a royal mummy
 89009 | Tomb:1   | Noticed a royal mummy
 89010 | Tomb:1   | Noticed a royal mummy
 89014 | Tomb:1   | Killed a royal mummy
 89016 | Tomb:1   | Noticed a royal mummy
 89018 | Tomb:1   | Killed a royal mummy
 89023 | Tomb:1   | Killed a royal mummy
 89027 | Tomb:1   | Killed a royal mummy
 89038 | Tomb:1   | Noticed a royal mummy
 89045 | Tomb:1   | Killed a royal mummy
 89046 | Tomb:1   | Noticed a royal mummy
 89049 | Tomb:1   | Noticed a royal mummy
 89052 | Tomb:1   | Killed a royal mummy
 89058 | Tomb:1   | Killed a royal mummy
 89081 | Tomb:1   | Noticed a royal mummy
 89097 | Tomb:1   | Killed a royal mummy
 89172 | Tomb:1   | Noticed a royal mummy
 89184 | Tomb:1   | Killed a royal mummy
 89216 | Tomb:1   | Noticed a royal mummy
 89217 | Tomb:1   | Noticed a royal mummy
 89221 | Tomb:1   | Killed a royal mummy
 89229 | Tomb:1   | Killed a royal mummy
 89239 | Tomb:1   | Noticed a royal mummy
 89242 | Tomb:1   | Noticed a royal mummy
 89246 | Tomb:1   | Killed a royal mummy
 89248 | Tomb:1   | Noticed a royal mummy
 89254 | Tomb:1   | Killed a royal mummy
 89254 | Tomb:1   | Noticed a royal mummy
 89267 | Tomb:1   | Killed a royal mummy
 89274 | Tomb:1   | Killed a royal mummy
 89298 | Tomb:1   | Noticed a royal mummy
 89304 | Tomb:1   | Killed a royal mummy
 89316 | Tomb:1   | Noticed a royal mummy
 89316 | Tomb:1   | Noticed a royal mummy
 89318 | Tomb:1   | Killed a royal mummy
 89323 | Tomb:1   | Killed a royal mummy
 89456 | Tomb:1   | Noticed a royal mummy
 89463 | Tomb:1   | Killed a royal mummy
 89518 | Tomb:1   | Noticed a royal mummy
 89524 | Tomb:1   | Noticed a royal mummy
 89534 | Tomb:1   | Killed a royal mummy
 89545 | Tomb:1   | Killed a royal mummy
 90113 | Tomb:3   | Entered Level 3 of the Tomb of the Ancients
 90117 | Tomb:3   | Reached skill level 27 in Polearms
 90144 | Tomb:3   | Noticed a royal mummy
 90146 | Tomb:3   | Noticed a royal mummy
 90155 | Tomb:3   | Killed a royal mummy
 90159 | Tomb:3   | Noticed a royal mummy
 90160 | Tomb:3   | Killed a royal mummy
 90172 | Tomb:3   | Killed a royal mummy
 90190 | Tomb:3   | Noticed a royal mummy
 90195 | Tomb:3   | Noticed a royal mummy
 90203 | Tomb:3   | Killed a royal mummy
 90210 | Tomb:3   | Killed a royal mummy
 90215 | Tomb:3   | Noticed a royal mummy
 90225 | Tomb:3   | Killed a royal mummy
 90226 | Tomb:3   | Reached skill level 27 in Fighting
 90226 | Tomb:3   | Reached skill level 1 in Staves
 90274 | Tomb:3   | Noticed a royal mummy
 90275 | Tomb:3   | Noticed a royal mummy
 90275 | Tomb:3   | Noticed a royal mummy
 90285 | Tomb:3   | Killed a royal mummy
 90292 | Tomb:3   | Killed a royal mummy
 90298 | Tomb:3   | Killed a royal mummy
 90299 | Tomb:3   | Reached skill level 5 in Staves
 90405 | Tomb:3   | Identified the ring "Xiargh Zylu" {rElec rPois Str+6 SInv
                  | Stlth+}
 90413 | Tomb:3   | Identified the +4 shortbow "Tuami" {flame, Str+2 Stlth+}
 90418 | Tomb:3   | Identified the +12 long sword of the Cursing Ancients
                  | {vorpal, rF++ rC- Int+5}
 90501 | Tomb:3   | Got a golden rune of Zot
 91153 | Zot:5    | Got the Orb of Zot
 91294 | Zot:1    | Noticed a seraph
 91294 | Zot:1    | Identified the +13 tower shield of Boredom {MP+9}
 91301 | Zot:1    | Killed a seraph
 91319 | Depths:4 | Noticed Ujerchumm the pandemonium lord
 91322 | Depths:4 | Killed Ujerchumm the pandemonium lord
 91431 | D:15     | Reached skill level 27 in Stealth
 91509 | D:13     | Noticed Reoplen the pandemonium lord
 91515 | D:13     | Killed Reoplen the pandemonium lord
 91525 | D:13     | Noticed Juost the pandemonium lord
 91528 | D:13     | Killed Juost the pandemonium lord
 91532 | D:13     | Reached skill level 10 in Staves
 91576 | D:12     | Noticed Jumuf the pandemonium lord
 91578 | D:12     | Killed Jumuf the pandemonium lord
 91914 | D:$      | Escaped with the Orb!

Illustrated notes

Levels and vault maps discovered:
D:1:      dpeg_arrival_round_b, layout_loops_corners,
          shapermc_ecumenical_altar_starsandcircs
D:2:      layout_basic
D:3:      layout_basic, cheibrodos_sewer_entry_drain, uniq_natasha
D:4:      layout_loops_ring, uniq_crazy_yiuf_cottage, uniq_eustachio,
          uniq_duvessa
D:5:      layout_loops_ring, mainiacjoe_overflow_tiny_flanked,
          lemuel_blue_sif_altar, minmay_temple_entry_stoned_glass, uniq_sigmund,
          uniq_grinder
D:6:      layout_basic, chequers_temple_overflow_statue_of_worship,
          serial_shops, nicolae_shop_trees, gammafunk_ghost_hive, st_stairs_11,
          minmay_fountain_box, chequers_big_river, kb_rosetta
D:7:      nicolae_cairo_tiling_large_dashed, layout_loops_ring, enter_bailey_4,
          minivault_26
D:8:      layout_loops_ring, old_standard_altar, xom_confusion_cloud,
          dpeg_lair_monsters, grunt_decor_clamped, minmay_circle_x, uniq_maggie,
          uniq_maurice
D:9:      layout_grid_maze, nicolae_shop_fire_sale [nicolae_sub_dead_trees]
D:10:     layout_basic, orc_0_dummy, serial_ice, serial_ice_d, serial_ice_f,
          serial_ice_j, serial_ice_h, serial_ice_o, serial_ice_e, enter_trove_3,
          minivault_21, uniq_gastronok, uniq_josephine
D:11:     gammafunk_worm_tunnel, layout_small_grid, tso_altar, uniq_erolcha
D:12:     layout_roguey, nicolae_twisting_strands
D:13:     erik_rubicon_a, layout_basic, david_vaults_1, serial_shops, shop,
          uniq_rupert
D:14:     minmay_slanted_spiral_squares, layout_basic,
          nzn_hepliaklqana_mist_gate
D:15:     grunt_enter_depths_snipers, layout_gridville, elyvilon_altar_3,
          serial_shops, nicolae_shop_advertising_works
          [nicolae_subvault_shop_adworks]
Temple:   jpeg_temple_clearing
Lair:1:   layout_cave_pods, minivault_27
Lair:2:   layout_long_grid, portal_ice_cave_entry_pillars_2, st_stairs_13,
          grunt_megastairs_1, uniq_erica
Lair:3:   lemuel_ratsnest, layout_misc_corridors, elwin_shoals_entry_rooms,
          nicolae_spider_entry_orb_guardian, grunt_forest_small_clearings,
          beast_lair_carwin_9
Lair:4:   layout_gridlike
Lair:5:   guppyfry_lair_end_dragon, layout_loops_ring, hangedman_lair_in_review,
          slime_entry_1, gauntlet_entry_generic, chequers_serial_rivers_micro_d,
          serial_bayou_shore_b, infiniplex_staircase_pool_2, lemuel_fruit_fields
Shoals:1: layout_shoals, lemuel_altar_in_water, uniq_kirke
Shoals:2: layout_shoals, st_cyclops
Shoals:3: layout_shoals, serial_shops, shop
Shoals:4: shoals_end_hellmonk_lost_city, uniq_polyphemus, uniq_louise
Spider:1: layout_spider_delve, hangedman_spider_tarantella_strand
Spider:2: nicolae_spider_hilbert_zone_1 [nicolae_spider_hilbert_4_sides_1_open,
          nicolae_spider_hilbert_4_sides_1_open,
          nicolae_spider_hilbert_4_sides_1_open,
          nicolae_spider_hilbert_4_sides_1_open,
          nicolae_spider_hilbert_3_sides_1_open,
          nicolae_spider_hilbert_3_sides_1_open,
          nicolae_spider_hilbert_3_sides_1_open,
          nicolae_spider_hilbert_3_sides_1_open,
          nicolae_spider_hilbert_3_sides_1_open,
          nicolae_spider_hilbert_6_sides_1_open,
          nicolae_spider_hilbert_6_sides_1_open,
          nicolae_spider_hilbert_3_sides_1_open,
          nicolae_spider_hilbert_3_sides_1_open,
          nicolae_spider_hilbert_3_sides_1_open,
          nicolae_spider_hilbert_3_sides_1_open,
          nicolae_spider_hilbert_2_sides_1_open]
Spider:3: layout_chambers, gammafunk_ghost_mausoleum, nicolae_spider_cling_halls
Spider:4: grunt_spider_rune_parallel
Slime:1:  layout_caves
Slime:2:  layout_caves, uniq_dissolution
Slime:3:  layout_caves
Slime:4:  layout_caves, basic_altar
Slime:5
Orc:1:    layout_caves
Orc:2:    st_orc_rangers, layout_caves, basic_altar, uniq_saint_roka
Elf:1:    minmay_elf_arrival_plus, layout_onion_city, serial_shops,
          nicolae_shop_statue_plus, orc_legates, minmay_misc_feat_five,
          minmay_shop_grove, uniq_agnes, uniq_donald
Elf:2:    nicolae_elf_blades_crystal_corner, layout_loops_corners, uniq_aizul
Elf:3:    elf_hall_gauntlet_wide, layout_geoelf_diagonals, st_stairs_3
Vaults:1: ontoclasm_vaults_hangar, hangedman_vaults_restitches,
          vaults_room_door_ring, ontoclasm_vaults_eye,
          vaults_room_grunt_arrival_ludios, layout_vaults_big_room
Vaults:2: gammafunk_ghost_tricky_traps, nicolae_vaults_hallways_thing,
          nicolae_vaults_angled_halls, minmay_crypt_entry_necro_gods,
          nicolae_vaults_little_squares_6, v_misc_5, v_misc_8,
          vaults_room_fancy_cross, nicolae_vaults_rhombus_5,
          nicolae_vaults_network_s, grunt_vaults_hallway_short,
          nicolae_vaults_display_case, layout_vaults_maze_snakey, serial_shops,
          nicolae_shop_hallway_stairs
Vaults:3: vaults_standard_mumra_x, nicolae_vaults_little_squares_6,
          nicolae_vaults_twisting_passages, nicolae_vaults_puzzle_piece,
          v_misc_8, vaults_dpeg_cross, v_misc_10, layout_vaults_omnigrid,
          serial_glass, serial_shops, nicolae_shop_stone, uniq_frederick
Vaults:4: vaults_standard_mumra_lines, vaults_room_door_hall,
          grunt_vaults_bifocal, nicolae_vaults_shelves_hall, v_misc_33,
          grunt_vaults_hallway_long, v_pattern_4, vaults_dpeg_doors,
          vaults_room_corners, ontoclasm_vaults_decontamination,
          layout_vaults_ring, serial_shops, nicolae_shop_statue_plus, shop
Vaults:5: serial_shops
Crypt:1:  layout_catacombs, minivault_4
Crypt:2:  dreamdust_cat_pyramid, layout_regular_city, grunt_ministairs_6,
          hangedman_blasphemy
Crypt:3:  church_of_pain_bobbens, layout_chaotic_city,
          nicolae_tomb_entry_rubble_hallway, uniq_bai_suzhen
Tomb:1
Tomb:2
Tomb:3
Depths:1: layout_cave_shapes, enter_ziggurat_b, serial_shops,
          nicolae_shop_crystal, grunt_mini_vestibule, dreamdust_looks_like_rain,
          serial_bayou_shore_a, grunt_megastairs_5, minmay_shoptagon
Depths:2: evilmike_pillar_path, layout_gridlike, hell_entry, abyss_entry,
          pan_entry, fedhas_altar_2, infiniplex_staircase_zigzag_2,
          firewood_loft, uniq_sojobo
Depths:3: minmay_the_grid_square_5x5_4x4 [minmay_the_grid_square_5x5_comb,
          minmay_the_grid_square_5x5_checkered_sparse,
          minmay_the_grid_square_5x5_forky, minmay_the_grid_square_5x5_minibox,
          minmay_the_grid_square_5x5_slash,
          minmay_the_grid_square_5x5_prize_pseudospiral,
          minmay_the_grid_square_5x5_prize_rear_guard,
          minmay_the_grid_square_5x5_spiral_small, minmay_the_grid_square_5x5_n,
          minmay_the_grid_square_5x5_prize_open,
          minmay_the_grid_square_5x5_prize_itemx,
          minmay_the_grid_square_5x5_bracketed, minmay_the_grid_square_5x5_two,
          minmay_the_grid_square_5x5_v, minmay_the_grid_square_5x5_two_walls_b,
          minmay_the_grid_square_5x5_tetrominoes], layout_gridlike, hell_entry,
          kennysheep_path_1, marbit_kobold_abyss_entry, rand_demon_pan_entry_9
Depths:4: grunt_zot_entry_tricorne, layout_basic, hell_entry,
          minmay_misc_feat_ornament, serial_shops, nicolae_square_shop,
          nicolae_diamond_shop
Hell
Dis:1:    layout_gridville, nicolae_dis_grated_feature
Dis:2:    layout_regular_city, hangedman_dis_decor_tower,
          nicolae_dis_emergency_hatch
Dis:4:    layout_gridville
Dis:5:    layout_overlapping_boxes, nicolae_dis_strange_trophy_room
Dis:6:    layout_overlapping_boxes
Dis:7:    dis_grunt_layers
Geh:1:    layout_gehenna_lava_caves
Geh:2:    layout_gehenna_pools_triple
Geh:3:    layout_gehenna_lava_caves
Geh:4:    nicolae_geh_symmetric_flows, layout_gehenna_lava_caves
Geh:6:    layout_gehenna_pools_basic
Geh:7:    geh_grunt
Coc:1:    layout_cocytus_water_paths
Coc:2:    layout_ice_bergs
Coc:3:    layout_cocytus_water_paths
Coc:4:    layout_cocytus_water_paths
Coc:5:    layout_cocytus_water_paths
Coc:6:    layout_ice_bergs
Coc:7:    coc_hangedman
Tar:1:    nicolae_tar_intersect_combbox, layout_cathedral_of_symmetry
Tar:2:    layout_honeycomb
Tar:3:    layout_catacombs, nicolae_tar_cuneiform_two,
          nicolae_hells_fiendish_ambush
Tar:4:    layout_grid_maze
Tar:5:    layout_grid_maze
Tar:6:    layout_grid_maze, nicolae_tar_honey_rotating
Tar:7:    tar_minmay_river
Zot:1:    layout_onion
Zot:2:    layout_onion_interference, grunt_megastairs_2
Zot:3:    gammafunk_sealed_arena, layout_gridlike
Zot:4:    layout_gridlike, st_large_dragon_hoard_4
Zot:5:    layout_basic

Skill      XL: |  1  2  3  4  5  6  7  8  9 10 11 12 13 14 15 16 17 18 19 20 21 22 23 24 25 26 27 |
---------------+----------------------------------------------------------------------------------+-----
Polearms       | 3 4 5 6 7 9 10 12 14 16 18 20 21 27 | 27.0
Stealth        | 7 13 27 | 27.0
Invocations    | 4 6 8 10 11 12 15 18 | 18.8
Fighting       | 5 12 13 14 15 16 27 | 27.0
Dodging        | 5 7 12 14 17 18 20 | 20.7
Translocations | 3 8 10 13 | 13.5
Armour         | 6 7 10 | 10.7
Evocations     | 7 9 14 | 14.1
Spellcasting   | 5 10 16 | 16.2
Transmutations | 7 10 19 | 19.2
Earth Magic    | 7 10 15 23 | 23.7
Necromancy     | 17 | 17.7
Staves         | 12 | 12.5
Shields        | |  2.6

Action                   |  1- 3 |  4- 6 |  7- 9 | 10-12 | 13-15 | 16-18 | 19-21 | 22-24 | 25-27 || total
-------------------------+-------+-------+-------+-------+-------+-------+-------+-------+-------++-------
Melee: Trident           |    29 |   116 |   253 |   130 |       |       |       |       |       ||   528
       Glaive            |       |       |       |   464 |   773 |   487 |   495 |  1038 |  1715 ||  4972
       Constrict         |       |       |       |       |   157 |   136 |   103 |   205 |   804 ||  1405
       Scimitar          |       |       |       |       |    16 |       |       |       |       ||    16
       Bardiche          |       |       |       |       |       |       |       |    11 |  2956 ||  2967
       Broad axe         |       |       |       |       |       |       |       |       |     6 ||     6
Throw: Dart              |       |     1 |    21 |    10 |       |       |       |       |       ||    32
       Stone             |       |       |     5 |    36 |    25 |     6 |    12 |    28 |    63 ||   175
       Throwing net      |       |       |       |     1 |       |       |       |       |       ||     1
 Cast: Blink             |       |       |       |       |     4 |     2 |     2 |     1 |    16 ||    25
       Lesser Beckoning  |       |       |       |       |       |     4 |    16 |     9 |    74 ||   103
       Statue Form       |       |       |       |       |       |       |     3 |    81 |   274 ||   358
       Wereblood         |       |       |       |       |       |       |       |       |    75 ||    75
       Necromutation     |       |       |       |       |       |       |       |       |    25 ||    25
       Apportation       |       |       |       |       |       |       |       |       |    18 ||    18
       Sublimation of Bl |       |       |       |       |       |       |       |       |     8 ||     8
       Shatter           |       |       |       |       |       |       |       |       |     7 ||     7
       Passwall          |       |       |       |       |       |       |       |       |     3 ||     3
Invok: Bend Time         |       |       |       |     4 |     5 |       |     1 |       |     3 ||    13
       Temporal Distorti |       |       |       |     2 |    13 |     1 |     8 |    13 |    54 ||    91
       Slouch            |       |       |       |       |     2 |     7 |    10 |     5 |    34 ||    58
       Step From Time    |       |       |       |       |       |       |     1 |       |     5 ||     6
 Abil: Spit Poison       |    43 |    44 |    72 |    40 |       |       |       |       |       ||   199
       End Transformatio |       |       |       |       |       |       |       |     6 |    25 ||    31
       Breathe Poison Ga |       |       |       |       |       |       |       |       |     1 ||     1
       Evoke the Staff o |       |       |       |       |       |       |       |       |     1 ||     1
Evoke: Wand              |       |       |       |     1 |     1 |     8 |       |       |       ||    10
       Tin of tremorston |       |       |       |       |       |       |       |     1 |       ||     1
       Condenser vane    |       |       |       |       |       |       |       |       |     5 ||     5
  Use: Scroll            |     3 |     3 |    11 |    23 |     9 |     2 |     3 |     2 |    50 ||   106
       Potion            |       |     2 |     9 |     3 |     1 |     1 |     4 |       |    32 ||    52
 Stab: Sleeping          |       |       |       |    18 |    14 |     1 |     8 |    27 |   115 ||   183
       Distracted        |       |       |       |     4 |    12 |    12 |    22 |    33 |    97 ||   180
       Held in net/web   |       |       |       |     4 |       |       |       |       |       ||     4
       Confused          |       |       |       |       |     1 |       |       |       |       ||     1
       Invisible         |       |       |       |       |     1 |       |       |       |    95 ||    96
       Betrayed ally     |       |       |       |       |       |     3 |       |       |       ||     3
Armor: Ring mail         |     9 |    37 |    51 |   215 |    80 |       |    44 |       |       ||   436
       Skin              |       |       |    11 |     9 |       |       |    20 |   280 |  1275 ||  1595
       Chain mail        |       |       |       |       |   158 |    19 |       |       |       ||   177
       Plate armour      |       |       |       |       |       |   179 |    82 |       |       ||   261
       Troll leather arm |       |       |       |       |       |       |       |     2 |    16 ||    18
       Robe              |       |       |       |       |       |       |       |       |   252 ||   252
Dodge: Dodged            |     8 |    30 |    63 |   122 |   406 |   319 |   305 |   545 |  8235 || 10033
       Repelled          |       |       |       |       |       |       |       |       |    61 ||    61
Block: Buckler           |    13 |    20 |   102 |    41 |       |       |       |       |       ||   176
       Reflection        |       |       |     4 |     6 |    49 |       |       |       |       ||    59
       Other             |       |       |       |    78 |   138 |       |       |       |   140 ||   356
